 Dungeon Crawl Stone Soup version 0.21.1-1-g345015fe64 (webtiles) character file.

1296005 crossborder the Messiah (level 27, -5/273 HPs)
             Began as a Hill Orc Monk on Apr 2, 2018.
             Was the Champion of Beogh.
             Killed from afar by Lom Lobon (45 damage)
             ... with a great icy blast
             ... in Pandemonium on Apr 26, 2018.
             The game lasted 1 day 09:45:04 (165346 turns).

crossborder the Messiah (Hill Orc Monk)       Turns: 165346, Time: 1 , 09:45:05

Health: -5/273     AC: 41    Str: 30    XL:     27
Magic:  2/41       EV: 37    Int: 15    God:    Beogh [******]
Gold:   12989      SH: 17    Dex: 19    Spells: 6/64 levels left

rFire    + + +     SeeInvis +   U - +5 trishula (holy)
rCold    + + +     Gourm    +   x - +1 shield {AC+3}
rNeg     + + .     Faith    .   M - +8 fire dragon scales of Hide-and-Seek {rF++ rC- Str+4 Stlth+}
rPois    .         Spirit   .   N - +0 hat of Idiukhloci {*Contam rN++}
rElec    +         Reflect  .   i - +2 cloak {+Inv}
rCorr    .         Harm     .   V - +0 pair of fencer's gloves {+Riposte Dex+3}
MR       ++...     Rnd*Rage +   w - +0 pair of boots of Vehumet's Displeasure {Dex+7}
Stlth    +++++.....             p - amulet of the Original Sin {Gourm rElec rF+ rC+++ Int+3 Dex-5}
HPRegen  0.95/turn              X - ring of Phasing {EV+8}
MPRegen  0.27/turn              j - ring of Foxex {+Fly Str+6 SInv}

@: very slightly contaminated
A: walk on water, horns 1, iridescent scales 1, molten scales 1, berserk 1,
blurry vision 1, clumsy 2, cold resistance 1, low mp 1, regeneration 1, shaggy
fur 1, wild magic 1, no potion heal 1
}: 11/15 runes: decaying, serpentine, silver, golden, iron, obsidian, icy, bone,
abyssal, demonic, dark
a: Smiting, Recall Orcish Followers, Give Item to Named Follower, Resurrection,
Renounce Religion, Evoke Invisibility, Evoke Flight


You were in Pandemonium.
You worshipped Beogh.
Beogh was exalted by your worship.
You were not hungry.

You visited 17 branches of the dungeon, and saw 85 of its levels.
You visited Pandemonium 2 times, and saw 14 of its levels.
You visited the Abyss 10 times.
You visited 1 bazaar.
You also visited: Ossuary, Ice Cave, Wizlab and Desolation.

You collected 16571 gold pieces.
You spent 3582 gold pieces at shops.

Inventory:

Hand Weapons
 b - the +11 broad axe "Tattletale" {speed, Int+4}
   (You acquired it on level 5 of the Realm of Zot)

   Attacks with this weapon are significantly faster.
   It affects your intelligence (+4).
 k - a +2 bardiche of chopping
 l - a +6 battleaxe of holy wrath
 s - a +1 falchion of electrocution
 U - a +5 trishula of holy wrath (weapon)
Armour
 i - a +2 cloak of invisibility (worn)
 w - the +0 pair of boots of Vehumet's Displeasure (worn) {Dex+7}
   (You acquired it on level 1 of the Snake Pit)

   It affects your dexterity (+7).
 x - a +1 shield of protection (worn)
 M - the +8 fire dragon scales of Hide-and-Seek (worn) {rF++ rC- Str+4 Stlth+}
   (You found it on level 7 of Tartarus)

   It affects your strength (+4).
   It greatly protects you from fire.
   It makes you vulnerable to cold.
   It makes you more stealthy.
 N - the +0 hat of Idiukhloci (worn) {*Contam rN++}
   (You acquired it on level 3 of the Crypt)

   It greatly protects you from negative energy.
   It causes magical contamination when unequipped.
 V - the +0 pair of fencer's gloves (worn) {+Riposte Dex+3}
   (You bought it in a shop on level 3 of the Vaults)

   It affects your dexterity (+3).
Magical Staves
 y - an uncursed staff of energy
Jewellery
 a - a +6 ring of intelligence
 e - the ring of Ufaiqofi {MR++ Stlth-}
   (You found it on level 1 of the Abyss)

   [ring of loudness]

   It affects your resistance to hostile enchantments.
   It makes you less stealthy.
 j - the ring of Foxex (right hand) {+Fly Str+6 SInv}
   (You found it in a wizard's laboratory)

   [ring of flight]

   It affects your strength (+6).
   It lets you see invisible.
   It lets you fly.
 p - the amulet of the Original Sin (around neck) {Gourm rElec rF+ rC+++ Int+3 Dex-5}
   (You acquired it on level 2 of the Depths)

   [amulet of the gourmand]

   It allows you to eat raw meat even when not hungry.
   It affects your intelligence (+3).
   It affects your dexterity (-5).
   It protects you from fire.
   It renders you almost immune to cold.
   It insulates you from electricity.
 D - the ring "Nuimizoss" {rPois MR+ Str+6}
   (You found it on level 3 of the Tomb of the Ancients)

   [ring of protection from magic]

   It affects your strength (+6).
   It protects you from poison.
   It affects your resistance to hostile enchantments.
 E - the ring "Etoantul" {rElec rPois rF+++ AC+5 Str-2}
   (You acquired it on level 2 of the Depths)

   [ring of protection]

   It affects your AC (+5).
   It affects your strength (-2).
   It renders you almost immune to fire.
   It insulates you from electricity.
   It protects you from poison.
 X - the ring of Phasing (left hand) {EV+8}
   (You found it on level 3 of the Tomb of the Ancients)

   [ring of evasion]

   It affects your evasion (+8).
Wands
 v - a wand of acid (7)
Scrolls
 d - 18 scrolls of enchant armour
 g - 4 scrolls of magic mapping
 h - 6 scrolls of fear
 m - 2 scrolls of silence
 n - 5 scrolls of identify
 o - 24 scrolls of teleportation
 q - 52 scrolls of remove curse
 t - a scroll of brand weapon
 u - 4 scrolls of holy word
 F - 11 scrolls of fog
 K - 3 scrolls of enchant weapon
 Q - 11 scrolls of blinking
 R - 3 scrolls of immolation
 S - 4 scrolls of summoning
 Z - 7 scrolls of vulnerability
Potions
 f - 41 potions of curing
 r - 6 potions of agility
 z - 5 potions of ambrosia
 A - 11 potions of lignification
 B - 3 potions of heal wounds
 I - 7 potions of haste
 J - 11 potions of brilliance
 L - 8 potions of resistance
 O - 7 potions of cancellation
 P - 5 potions of might
Miscellaneous
 C - 5 phantom mirrors
 Y - a lightning rod (4/4)
Comestibles
 c - 22 rations


   Skills:
 O Level 27 Fighting
 - Level 19.9(20.3) Axes
   Level 2.9(12.0) Maces & Flails
 - Level 5.4(12.7) Polearms
 - Level 25.5 Armour
 - Level 23.4 Dodging
 * Level 13.3 Stealth
 - Level 15.9 Shields
 - Level 19.1 Spellcasting
 - Level 10.0 Conjurations
 - Level 11.3 Hexes
 - Level 6.3 Charms
 - Level 8.0 Summonings
 - Level 15.0 Necromancy
 - Level 24.5 Translocations
 - Level 10.0 Transmutations
 - Level 9.6 Air Magic
 - Level 15.3 Earth Magic
 O Level 27 Invocations
 * Level 14.2 Evocations


You had 6 spell levels left.
You knew the following spells:

 Your Spells              Type           Power        Failure   Level  Hunger
a - Borgnjor's Vile Clut  Necr/Erth      ######....   1%          5    ###....
b - Confuse               Hex            ######..     1%          3    None
d - Lee's Rapid Deconstr  Erth           ######....   1%          5    ###....
e - Statue Form           Tmut/Erth      ######...    8%          6    #####..
f - Controlled Blink      Tloc           N/A          4%          8    #######
g - Spectral Weapon       Hex/Chrm       ######..     1%          3    None
h - Iron Shot             Conj/Erth      ######....   8%          6    #####..
i - Summon Guardian Gole  Hex/Summ       ######..     1%          3    None
j - Regeneration          Chrm/Necr      ######....   1%          3    None
k - Silence               Hex/Air        ######....   3%          5    ###....
l - Animate Dead          Necr           N/A          1%          4    None
m - Shroud of Golubria    Chrm/Tloc      ######....   1%          2    None
n - Aura of Abjuration    Summ           #####.....   9%          5    ###....


Dungeon Overview and Level Annotations

Branches:
Dungeon (15/15)            Temple (1/1) D:6            Lair (6/6) D:11
  Swamp (4/4) Lair:3        Snake (4/4) Lair:4        Slime (0/5) Lair:6
    Orc (2/2) D:11            Elf (3/3) Orc:2        Vaults (5/5) D:13
  Crypt (3/3) Vaults:3       Tomb (3/3) Crypt:3      Depths (5/5) D:15
   Hell (1/1)                 Dis (7/7) Hell            Geh (7/7) Hell
    Coc (7/7) Hell            Tar (7/7) Hell            Zot (5/5) Depths:5

Altars:
Ashenzari
Cheibriados
Dithmenos
Elyvilon
Makhleb
Okawaru
Qazlal
Uskayaw
Vehumet
Wu Jian
Xom
Yredelemnul
Zin
The Shining One
Jiyva

Shops:
D:4 =   D:10 [   D:14 *%   D:15 =(*:[   Orc:1 *   Orc:2 ([=*   Vaults:2 (
Vaults:3 !![*   Depths:2 **(   Depths:3 }=}

Portals:
Hell: Depths:1 Depths:2 Depths:3 Depths:4 Depths:5
Abyss: Depths:3 Depths:4 Depths:5
Pandemonium: Depths:3
Ziggurat: Depths:3
Trove: Depths:1 (give 12 potions of heal wounds)

Annotations:
D:8 BorisKarlOrff's ghost, novice GrBe
Elf:3 Bai Suzhen
Pan Lom Lobon


Innate Abilities, Weirdness & Mutations

You can walk on water.
You have a pair of small horns on your head.
You are partially covered in iridescent scales. (AC +2)
You are partially covered in molten scales. (AC +2)
You tend to lose your temper in combat.
Scrolls take you a little longer to read.
You are very clumsy. (Dex -4)
Your flesh is cold resistant. (rC+)
Your magical capacity is low. (-10% MP)
Your natural rate of healing is unusually fast.
You are covered in fur. (AC +1)
Your spells are a little harder to cast, but a little more powerful.
Potions are less effective at restoring your health.


Message History

You block Lom Lobon's attack.
Your system partially rejects the healing.
You feel much better.
You are engulfed in raging winds.
You float gracefully downwards.
Lom Lobon gestures at you.
Lom Lobon conjures a mighty blast of ice!
The great icy blast engulfs you! You partially resist.
* * * LOW HITPOINT WARNING * * *
Attack whom?
Press: ? - help, Dir - move target cursor, f/p - Lom Lobon
Aim: Lom Lobon (almost dead, surrounded by restless winds)
You closely miss Lom Lobon.
You headbutt Lom Lobon, but do no damage.
Lom Lobon is almost dead.
You are engulfed in raging winds.
The ice encasing you melts away. Lom Lobon gestures at you.
Lom Lobon conjures a mighty blast of ice!
The great icy blast engulfs you! You partially resist.
You die...

**≈#...≈≈#≈≈≈*##.≈≈≈##.##≈≈≈.#**
##*≈##..≈≈#≈≈≈≈≈≈≈.≈##§§.##≈.≈≈≈≈
.#*≈*#..≈≈##≈≈≈≈≈≈≈§.§§...§§≈≈≈≈≈
.#*≈≈#...≈≈##≈≈≈≈≈#.......§§#≈≈≈≈
.#*≈≈##...≈≈##≈≈≈##§.§....§§##≈≈≈
.#*≈≈≈##...§§#####§§.§....4§§####
##**≈≈≈#...§§§§§§§.§§§...(§§*§..,
*≈≈##.....####&..).§...(§p##**
##**≈##...≈≈##§§@##§§§§...§§##≈≈≈
.#*≈≈#...≈≈##≈§≈≈≈#§§§§)..§§#≈≈≈≈
.#*≈*#..≈≈##§≈≈≈≈≈≈§§§§...§§§≈≈≈≈
.#*≈##..≈≈#§§≈≈§§≈§§##§..##§§4§≈≈
.#*≈#...≈≈#§≈≈###?≈§§##.##≈≈≈4###
##*≈#...≈≈#§§#*,+#≈≈≈≈#.#≈≈≈≈#'.*
*≈≈#...≈≈#≈≈*,,,*≈≈≈≈#.#≈≈≈≈#..,
*≈≈##..≈≈#≈≈**,**≈≈≈≈#,*≈≈≈≈#*.#
##≈##..≈≈##≈≈***≈≈≈≈#####≈≈≈≈***


You could see Lom Lobon.

Vanquished Creatures
  Antaeus (Coc:7)
  Asmodeus (Geh:7)
  Gloorx Vloq (Pan)
  Dispater (Dis:7)
  Mara (Crypt:3)
  4 orbs of fire
  11 ancient liches
  Mennas (Pan)
  Khufu (Tomb:3)
  The ghost of Name63 the Fetichist, a master GnWn of Cheibriados (Vaults:4)
  5 pandemonium lords (Pan)
  31 greater mummies
  Sojobo (D:15)
  11 shard shrikes
  Frederick (Depths:3)
  Margery (Crypt:2)
  4 Killer Klowns
  3 profane servitors
  7 golden dragons
  22 bone dragons
  13 liches
  An iron giant (Dis:7)
  13 doom hounds
  39 Brimstone Fiends
  5 electric golems
  2 hellephants
  17 tentacled monstrosities
  26 Tzitzimimeh
  27 Ice Fiends
  A Cloud Mage (WizLab)
  13 Hell Sentinels
  23 Orb Guardians (Zot:5)
  4 titans
  5 quicksilver dragons
  Murray (Depths:1)
  Agnes (D:15)
  18 Executioners
  11 death cobs
  Gastronok (Lair:1)
  16 ancient champions
  3 eldritch tentacles
  27 tentacled starspawn
  6 sphinxes
  A kraken (Abyss:1)
  4 thorn hunters
  20 storm dragons
  6 tengu reavers
  8 draconian monks
  25 shadow dragons
  3 revenants
  7 nagarajas
  4 daevas
  12 draconian scorchers
  15 fire giants
  2 imperial myrmidons (Desolation)
  11 frost giants
  6 iron dragons
  30 cacodemons
  Louise (Swamp:3)
  A deep elf sorcerer (Vaults:2)
  2 blood saints (Pan)
  6 draconian knights
  An orc warlord (Abyss:1)
  12 vault wardens
  7 corrupters (Pan)
  2 ghost moths
  2 deep elf elementalists
  5 draconian stormcallers
  22 balrugs
  4 curse skulls
  9 draconian shifters
  4 warmongers (Pan)
  An angel (Pan)
  83 reapers
  31 very ugly things
  9 ghouls
  6 draconian annihilators
  25 stone giants
  8 ironheart preservers
  A war gargoyle (Zot:2)
  2 spriggan defenders (D:15)
  6 elemental wellsprings
  2 ophanim (Abyss:1)
  7 black suns (Pan)
  2 bennus (Tomb:3)
  8 deep elf demonologists
  20 black draconians
  16 green draconians
  6 vampire knights
  6 deep elf annihilators
  9 spark wasps
  10 purple draconians
  11 red draconians
  21 lorocyprocas
  16 yellow draconians
  A halazid warlock (Desolation)
  16 white draconians
  29 blizzard demons
  15 ettins
  8 eidola
  7 statues (Depths:3)
  9 green deaths
  14 jiangshi
  15 mummy priests
  8 deep elf death magi
  A minotaur (shapeshifter) (Vaults:5)
  12 fire dragons
  5 quicksilver dragon zombies
  6 deep elf high priests
  7 great orbs of eyes
  3 crystal guardians
  14 yaktaur captains
  2 kraken zombies (Coc:7)
  5 quicksilver dragon skeletons
  7 ragged hierophants (Desolation)
  2 ghost crabs (WizLab)
  18 vault guards
  12 ogre magi
  5 servants of whispers (Desolation)
  12 naga warriors
  24 ice dragons
  8 monstrous demonspawn (Pan)
  16 hydras
  2 hell beasts
  10 rakshasas
  7 spriggan air magi
  3 peacekeepers (Desolation)
  17 anacondas
  4 centaur warriors
  A two-headed ogre (shapeshifter) (Vaults:5)
  45 two-headed ogres
  4 death yaks (Lair:6)
  11 deep troll shamans
  4 death knights
  24 thrashing horrors
  5 alligators
  9 tengu warriors
  61 hell hogs
  25 dancing weapons
  52 death scarabs
  7 deep troll earth magi
  14 shock serpents
  49 small abominations
  11 vampire magi
  20 naga sharpshooters
  Urug (D:13)
  4 holy swine (Pan)
  36 sun demons
  33 soul eaters
  2 iron golems
  Sonja (D:15)
  12 titan zombies
  6 storm dragon zombies
  20 deep elf knights
  A fire crab (shapeshifter) (Vaults:1)
  2 salamander mystics (Snake:4)
  21 wretched stars
  26 shadow wraiths
  7 titan skeletons
  10 storm dragon skeletons
  38 sixfirhies
  85 hell knights
  4 ghost moth zombies
  6 spatial maelstroms
  2 gelid demonspawn (Pan)
  116 skeletal warriors
  9 golden dragon zombies
  8 infernal demonspawn (Pan)
  11 iron trolls
  15 flayed ghosts
  9 unseen horrors
  30 shadow demons
  4 torturous demonspawn (Pan)
  9 swamp dragons
  26 deep trolls
  11 wizards
  3 kraken simulacra (Coc:7)
  2 death drakes
  8 glowing orange brains
  5 naga ritualists
  2 shambling mangroves
  42 starcursed masses
  25 phantasmal warriors
  22 anaconda zombies
  21 ironbrand convokers
  8 wolf spiders
  53 deep elf magi
  9 golden dragon skeletons
  An orc sorcerer (Abyss:1)
  15 deep elf archers
  7 harpies
  A lindwurm (Lair:6)
  23 necromancers
  15 frost giant zombies
  A sphinx zombie (Vaults:5)
  9 wolf spider zombies
  2 oklob plants (Lair:3)
  6 shadow dragon zombies
  9 mana vipers
  5 anaconda skeletons
  A faun (shapeshifter) (Vaults:4)
  11 iron dragon zombies
  5 fire giant zombies
  A mana viper (shapeshifter) (Depths:2)
  2 orc knights
  7 shadow dragon skeletons
  10 salamanders
  11 cyclopes
  The ghost of elbjorno the Covert, a novice SpEn of Ashenzari (D:7)
  7 iron dragon skeletons
  6 human zombies
  50 ugly things
  13 worldbinders
  A sphinx skeleton (Depths:3)
  23 moths of wrath
  12 stone giant zombies
  17 naga magi
  7 stone giant skeletons
  9 frost giant skeletons
  5 shock serpent zombies
  12 fire giant skeletons
  10 guardian serpents
  34 rust devils
  6 titan simulacra (Coc:7)
  20 molten gargoyles
  9 dire elephant zombies
  74 smoke demons
  4 apocalypse crabs
  10 spiny frogs
  A spiny frog (shapeshifter) (Abyss:1)
  6 ice statues
  3 elephants (Lair:6)
  4 storm dragon simulacra
  43 black mambas
  13 vault sentinels
  9 dire elephant skeletons
  28 orange demons
  A gargoyle (D:15)
  3 emperor scorpion zombies
  3 centaur skeletons
  A shock serpent skeleton (Tar:2)
  45 hellions
  35 yaktaurs
  A sea snake zombie (Crypt:1)
  2 catoblepas zombies
  A white draconian zombie (Crypt:2)
  4 komodo dragons
  A kobold demonologist (Abyss:1)
  4 anaconda simulacra
  3 rime drakes
  A rime drake (shapeshifter) (Abyss:1)
  15 efreet
  A purple draconian skeleton (Crypt:1)
  86 tormentors
  41 ice devils
  14 demonic crawlers
  A tengu conjurer (Depths:4)
  A redback zombie (D:14)
  43 freezing wraiths
  19 hellwings
  36 red devils
  19 ancient zymes
  3 catoblepas skeletons
  2 golden dragon simulacra
  50 guardian mummies
  7 silent spectres
  16 hydra zombies
  2 meliai (shapeshifter)
  2 polar bears (Lair:6)
  A troll (shapeshifter) (D:14)
  5 tyrant leeches
  A wind drake (WizLab)
  7 trolls
  3 harpy zombies
  40 saltlings
  8 harpy skeletons
  8 hornets
  11 bog bodies
  46 raiju
  A shadow dragon simulacrum (Coc:5)
  21 slime creatures
  10 hydra skeletons
  A minotaur skeleton (Geh:4)
  A jumping spider zombie (Crypt:1)
  A hippogriff (shapeshifter) (Vaults:4)
  12 ice dragon zombies
  18 blink frogs
  8 hippogriffs
  An iron dragon simulacrum (Abyss:3)
  8 fire dragon zombies
  A meliai zombie (D:14)
  9 ettin zombies
  146 flying skulls
  5 ice dragon skeletons
  7 alligator zombies
  2 spriggans
  20 air elementals
  90 large abominations
  5 alligator skeletons
  7 ettin skeletons
  45 shadows
  11 water elementals
  10 fire dragon skeletons
  2 redbacks (Crypt:3)
  2 spriggans (shapeshifter) (Depths:4)
  4 black mamba zombies
  48 wraiths
  A black mamba skeleton (Tar:6)
  A vampire (Abyss:2)
  4 wyverns
  A dire elephant simulacrum (Coc:3)
  7 ushabtiu
  47 ynoxinuls
  A human (D:7)
  44 fire elementals
  A human (shapeshifter) (Abyss:1)
  33 yaks
  8 basilisks
  6 hogs
  26 neqoxecs
  17 fire bats
  A steam dragon (Lair:4)
  9 hungry ghosts
  7 vampire mosquitoes
  31 chaos spawn
  7 wargs (Orc:1)
  13 spatial vortices
  3 harpy simulacra (IceCv)
  24 insubstantial wisps
  22 swamp worms
  A swamp worm (shapeshifter) (Vaults:5)
  51 nagas
  A merfolk zombie (Coc:5)
  A soldier ant (D:12)
  A water moccasin (shapeshifter) (Vaults:5)
  6 spiny frog zombies
  2 floating eyes (shapeshifter)
  2 acid dragons
  3 floating eyes
  106 hell hounds
  9 hydra simulacra
  7 water moccasins
  8 porcupines
  23 ice beasts
  17 swamp drakes
  A faun skeleton (Crypt:1)
  A merfolk skeleton (Tar:4)
  14 phantoms
  3 sky beasts
  7 spiny frog skeletons
  A black bear (shapeshifter) (D:15)
  20 orc warriors
  An alligator simulacrum (Hell)
  3 swamp dragon zombies
  An ettin simulacrum (IceCv)
  A fire dragon simulacrum (Depths:1)
  2 black bears
  A black mamba simulacrum (Abyss:1)
  13 boggarts
  3 manticore zombies
  35 necrophages
  11 snapping turtle zombies
  4 eyes of draining
  14 wolves
  35 ogres
  A blink frog zombie (Crypt:2)
  8 crocodiles
  4 manticore skeletons
  10 centaurs
  8 snapping turtle skeletons
  A swamp dragon skeleton (Geh:6)
  2 elf zombies
  2 big kobolds (Abyss:1)
  An octopode zombie (Crypt:2)
  11 bullfrogs
  A rime drake skeleton (Crypt:2)
  2 earth elementals
  A water moccasin zombie (Ossuary)
  2 spiny frog simulacra
  10 wyvern skeletons
  A queen bee zombie (Crypt:1)
  4 scorpions
  2 troll zombies
  98 wights
  A spriggan skeleton (Tar:6)
  A troll skeleton (Coc:2)
  9 electric eels
  3 howler monkeys (D:11)
  4 lava snakes (Lair:6)
  13 crimson imps
  5 centaur zombies
  A bullfrog zombie (D:13)
  10 quasits
  2 jellies
  4 orc priests
  6 hounds
  12 orc wizards
  2 bullfrog skeletons
  38 iron imps
  A black bear skeleton (Crypt:1)
  2 iguanas
  5 lightning spires (Zot:2)
  15 worker ants
  A killer bee zombie (D:6)
  2 naga zombies
  A big kobold zombie (Ossuary)
  An ogre zombie (Crypt:1)
  A tengu zombie (Dis:1)
  2 hound zombies
  A tengu skeleton (Dis:7)
  3 hound skeletons
  39 mummies
  A howler monkey zombie (D:8)
  4 worker ant zombies
  16 adders
  6 gnolls
  A howler monkey skeleton (D:5)
  11 shadow imps
  28 white imps
  10 ufetubi
  4 adder zombies (Ossuary)
  An iguana skeleton (Crypt:2)
  A worm (D:2)
  3 ball lightnings (Pan)
  3 dart slugs
  5 leopard geckos
  30 orcs
  4 giant cockroaches
  10 goblins
  5 hobgoblins
  7 jackals
  5 quokkas
  4 bats
  6 frilled lizards
  A frilled lizard skeleton (Crypt:2)
  A hobgoblin skeleton (Crypt:1)
  5 hobgoblin zombies (Ossuary)
  15 kobolds
  8 kobold zombies
  3 leopard gecko skeletons
  An orc skeleton (Crypt:1)
  7 orc zombies
  A quokka skeleton (D:9)
  9 rats
  7 briar patches (Swamp:4)
  A bush (Lair:5)
  2 butterflies (Lair:1)
  2 fire vortices
  11 fungi
  2 lurking horrors
  11 plants
  24 starspawn tentacles
  5 tentacles (Coc:7)
  14 withered plants (Crypt:3)
5391 creatures vanquished.

Vanquished Creatures (collateral kills)
  Ereshkigal (Tar:7)
  the Serpent of Hell (Geh:7)
  2 orbs of fire
  A pandemonium lord (Pan)
  5 greater mummies (Tomb:1)
  A shard shrike (Coc:7)
  Xtahua (Crypt:3)
  Geryon (Hell)
  Vashnia (Snake:3)
  A Killer Klown (Zot:5)
  3 golden dragons
  Jory (Vaults:3)
  Nikola (Depths:1)
  the Enchantress (D:15)
  2 bone dragons
  7 iron giants (Dis:7)
  3 doom hounds
  5 Tzitzimimeh
  An electric golem (Zot:2)
  10 Brimstone Fiends
  2 tentacled monstrosities
  Rupert (D:13)
  4 liches
  7 Hell Sentinels (Dis:7)
  Jorgrun (Elf:2)
  4 Ice Fiends
  2 deep elf blademasters (Elf:3)
  2 Orb Guardians (Zot:5)
  3 titans
  3 quicksilver dragons
  2 deep elf master archers (Elf:3)
  A death cob (Zot:3)
  2 Executioners (Pan)
  Kirke (Elf:1)
  3 storm dragons
  2 tentacled starspawn (Abyss:1)
  A draconian monk (Zot:2)
  5 tengu reavers
  8 shadow dragons
  8 ancient champions (Dis:7)
  6 sphinxes
  3 nagarajas
  2 revenants
  A thorn hunter (Swamp:3)
  2 fire giants (Vaults:4)
  4 frost giants
  9 deep elf sorcerers (Elf:3)
  13 cacodemons
  A curse skull (Crypt:3)
  4 iron dragons (Dis:7)
  3 vault wardens
  2 balrugs
  6 orc warlords
  A warmonger (Pan)
  2 ghouls
  2 deep elf elementalists (Elf:3)
  A draconian stormcaller (Zot:3)
  A draconian annihilator (Zot:2)
  A spriggan defender (D:15)
  A war gargoyle (Vaults:5)
  34 reapers
  2 ironheart preservers
  2 very ugly things
  5 stone giants
  2 blood saints (Pan)
  3 black draconians (Zot:2)
  3 corrupters (Pan)
  2 deep elf demonologists
  3 spark wasps (Depths:5)
  5 deep elf annihilators (Elf:3)
  A purple draconian (Depths:5)
  A red draconian (Zot:2)
  3 yellow draconians
  A white draconian (Zot:5)
  3 black suns (Pan)
  4 eidola (Crypt:3)
  5 blizzard demons
  2 ettins
  2 deep elf death magi
  6 deep elf high priests
  A green death (Pan)
  2 fire dragons
  A mummy priest (Tomb:1)
  6 quicksilver dragon zombies
  2 yaktaur captains (Vaults:4)
  5 servants of whispers (Desolation)
  15 vault guards (Vaults:4)
  2 ragged hierophants (Desolation)
  A hell beast (Dis:7)
  An anaconda (shapeshifter) (Vaults:4)
  5 hydras
  2 quicksilver dragon skeletons
  9 ice dragons
  A peacekeeper (Desolation)
  3 ghost crabs
  4 two-headed ogres
  A catoblepas (Lair:3)
  2 death knights
  3 anacondas (Snake:4)
  A death yak (Lair:6)
  5 dancing weapons
  An alligator (Swamp:4)
  3 shock serpents
  2 death scarabs (Tomb:1)
  2 deep troll earth magi
  A deep troll shaman (Depths:2)
  13 hell hogs
  2 holy swine (Pan)
  A tengu warrior (D:15)
  A titan zombie (Geh:7)
  2 storm dragon zombies
  6 sun demons
  An iron golem (Dis:6)
  4 naga sharpshooters (Snake:4)
  4 orc knights
  7 deep elf knights
  7 soul eaters
  2 titan skeletons
  A salamander mystic (Snake:4)
  A spriggan (Depths:1)
  6 iron trolls
  13 hell knights
  7 large abominations
  4 golden dragon zombies
  A shadow wraith (Tar:7)
  32 skeletal warriors
  2 flayed ghosts
  11 sixfirhies
  5 anaconda zombies
  3 shambling mangroves
  9 deep trolls
  2 swamp dragons (Swamp:3)
  A death drake (Tar:5)
  3 naga ritualists
  9 shadow demons
  2 harpies (Vaults:3)
  11 phantasmal warriors
  4 deep elf archers
  A torturous demonspawn (Pan)
  3 ghost moth zombies
  A golden dragon skeleton (Geh:1)
  4 iron dragon zombies
  4 ironbrand convokers
  2 necromancers
  2 shadow dragon zombies
  5 frost giant zombies
  3 wolf spider zombies
  An anaconda skeleton (Geh:7)
  A mana viper (Lair:4)
  3 fire giant zombies
  A shadow dragon skeleton (Geh:6)
  A salamander (Lair:4)
  2 moths of wrath
  6 ugly things
  5 stone giant zombies
  16 deep elf magi
  18 rust devils
  2 cyclopes (Orc:2)
  4 vault sentinels
  7 guardian serpents
  7 black mambas
  3 elephants (Lair:6)
  2 frost giant skeletons
  2 iron dragon skeletons
  5 dire elephant zombies
  6 stone giant skeletons
  5 naga magi
  An eye of devastation (Depths:3)
  5 molten gargoyles (Geh:7)
  A shock serpent zombie (Dis:7)
  9 smoke demons
  3 centaur zombies
  2 dire elephant skeletons
  A shock serpent skeleton (Geh:2)
  7 orange demons (Pan)
  4 spiny frogs
  2 emperor scorpion zombies
  9 hellions
  A storm dragon simulacrum (Coc:7)
  A centaur skeleton (D:15)
  4 komodo dragons
  A green draconian zombie (Crypt:1)
  3 small abominations
  9 yaktaurs
  5 hellwings (Pan)
  8 tormentors
  An anaconda simulacrum (Coc:7)
  2 efreet
  14 freezing wraiths
  2 harpy zombies
  A catoblepas skeleton (Tar:5)
  3 demonic crawlers (Pan)
  15 ice devils
  4 guardian mummies
  A silent spectre (Tar:5)
  A minotaur zombie (Crypt:3)
  6 hornets
  3 hydra zombies
  A meliai (shapeshifter) (Depths:2)
  13 red devils
  2 harpy skeletons
  A tyrant leech (Swamp:1)
  3 jumping spiders (Crypt:3)
  4 bog bodies
  5 ettin zombies
  21 saltlings
  3 raiju (Abyss:1)
  A slime creature (Vaults:2)
  8 blink frogs
  A slime creature (shapeshifter) (Vaults:4)
  3 fire dragon zombies
  2 ice dragon zombies (Dis:7)
  2 hippogriffs
  A hippogriff (shapeshifter) (Vaults:4)
  An ice dragon skeleton (Geh:7)
  A stone giant simulacrum (Tomb:1)
  4 alligator zombies
  13 flying skulls
  A black mamba zombie (Dis:7)
  9 shadows
  An air elemental (Abyss:1)
  5 ynoxinuls (Pan)
  4 fire dragon skeletons
  9 wraiths
  6 ettin skeletons
  2 ushabtiu
  3 water elementals
  A hog (Elf:1)
  A redback (Crypt:3)
  17 yaks
  9 fire elementals
  A basilisk (D:11)
  A neqoxec (Pan)
  2 chaos spawn (Pan)
  A hungry ghost (Tar:5)
  A steam dragon (Lair:6)
  3 vampire mosquitoes
  2 insubstantial wisps (Swamp:3)
  2 spatial vortices (Abyss:1)
  3 wargs (Orc:1)
  3 swamp worms
  10 nagas
  An acid dragon (D:12)
  9 water moccasins
  4 spiny frog zombies
  26 hell hounds
  2 porcupines
  A swamp drake (Swamp:1)
  A spiny frog skeleton (Hell)
  A manticore zombie (Geh:1)
  5 orc warriors
  An ice beast (Coc:3)
  An eye of draining (Depths:3)
  A black bear (shapeshifter) (Vaults:4)
  A swamp dragon zombie (Geh:1)
  An eye of draining (shapeshifter) (Depths:1)
  An ogre (D:12)
  8 necrophages
  2 snapping turtle zombies
  5 wolves
  4 crocodiles
  2 phantoms
  2 swamp dragon skeletons
  A snapping turtle skeleton (Coc:4)
  A big kobold (D:12)
  2 bullfrogs
  2 earth elementals (Elf:3)
  A spiny frog simulacrum (Coc:2)
  An elf skeleton (Tar:5)
  A wyvern skeleton (Crypt:3)
  A yak zombie (Crypt:2)
  2 troll zombies
  A water moccasin skeleton (Crypt:1)
  19 wights
  A spriggan skeleton (Geh:3)
  2 crimson imps
  2 orc priests
  2 hounds
  A human zombie (Geh:3)
  5 orc wizards
  16 iron imps
  An ogre zombie (Geh:7)
  A tengu zombie (Dis:7)
  A tengu skeleton (Tar:5)
  A hound skeleton (Crypt:2)
  4 mummies
  An adder (D:11)
  8 shadow imps
  4 white imps
  8 orcs
  A butterfly (Lair:1)
  4 crawling corpses (Elf:3)
  A fire vortex (Geh:7)
  18 fungi
  8 plants
  A starspawn tentacle (Abyss:1)
1163 creatures vanquished.

Vanquished Creatures (others)
  An iron giant (Dis:7)
  12 orc warlords
  4 eldritch tentacles
  An ancient champion (Tomb:2)
  Urug (Elf:3)
  A revenant (Crypt:2)
  A reaper (Coc:7)
  An ironheart preserver (Vaults:5)
  An elemental wellspring (Coc:2)
  2 stone giants
  A black draconian (Zot:2)
  A yellow draconian (Zot:5)
  A spark wasp (Zot:2)
  A deep elf death mage (Elf:3)
  A slime creature (D:12)
  A blizzard demon (WizLab)
  A quicksilver dragon zombie (Coc:3)
  11 orc sorcerers
  A deep elf high priest (Elf:3)
  A yaktaur captain (Depths:5)
  A quicksilver dragon skeleton (Tar:5)
  3 spriggan air magi
  A death knight (Vaults:3)
  4 dancing weapons
  21 death scarabs (Tomb:2)
  50 orc knights
  10 hell hogs
  A deep troll earth mage (Depths:2)
  17 orc high priests
  A soul eater (Hell)
  A shock serpent (WizLab)
  A deep elf knight (Elf:3)
  3 naga sharpshooters
  A skeletal warrior (Dis:3)
  An unseen horror (Depths:5)
  A deep elf archer (Elf:3)
  2 wizards (Pan)
  A necromancer (Crypt:2)
  A shadow dragon zombie (Geh:6)
  2 moths of wrath
  A molten gargoyle (Geh:3)
  A naga mage (Snake:1)
  39 orc wizards
  2 smoke demons (Pan)
  11 yaktaurs
  2 hellions
  4 hellwings (Pan)
  A saltling (Elf:2)
  3 flying skulls
  2 air elementals (WizLab)
  2 wraiths
  2 fire elementals
  A chaos spawn (Depths:5)
  A large abomination (Abyss:5)
  A naga (Snake:2)
  A hell hound (Geh:3)
  31 orc warriors
  A black bear (shapeshifter) (Vaults:5)
  A phantom (Geh:1)
  3 necrophages
  A centaur (D:11)
  5 wights
  A human zombie (Geh:5)
  49 orc priests
  An ogre zombie (Geh:2)
  2 mummies
  A white imp (Coc:7)
  23 ball lightnings
  55 orcs
  3 briar patches
  5 bushes
  A fire vortex (Geh:7)
  7 fungi
  2 lurking horrors (Abyss:1)
  20 plants
  23 spectral weapons
  50 starspawn tentacles
  21 tentacles
  13 withered plants (Crypt:3)
561 creatures vanquished.

Grand Total: 7115 creatures vanquished

Notes
Turn   | Place    | Note
-------+----------+-------------------------------------------
     0 | D:1      | crossborder the Hill Orc Monk began the quest for the Orb.
     0 | D:1      | Reached XP level 1. HP: 19/19 MP: 1/1
   284 | D:1      | Reached XP level 2. HP: 25/27 MP: 2/2
   699 | D:2      | Reached XP level 3. HP: 14/33 MP: 3/3
   705 | D:2      | HP: 1/33 [goblin/club (5)]
   942 | D:2      | Reached skill level 5 in Axes
   984 | D:2      | Reached XP level 4. HP: 34/41 MP: 4/4
   997 | D:2      | Found a shattered altar of Ashenzari.
   998 | D:2      | Found an iron altar of Okawaru.
  1865 | D:3      | Reached XP level 5. HP: 19/47 MP: 5/5
  2904 | D:4      | Found Afoafa's Jewellery Emporium.
  2934 | D:4      | Reached skill level 5 in Fighting
  2949 | D:4      | Noticed a phantom
  3086 | D:4      | Killed a phantom
  3086 | D:4      | Reached XP level 6. HP: 31/56 MP: 6/6
  3467 | D:4      | Found a radiant altar of Vehumet.
  3512 | D:5      | Entered Level 5 of the Dungeon
  3706 | D:5      | Reached XP level 7. HP: 61/61 MP: 7/7
  3807 | D:5      | Found a shimmering altar of Xom.
  3873 | D:5      | Found a shattered altar of Ashenzari.
  4232 | D:6      | Found a burning altar of Makhleb.
  4319 | D:6      | Found a stormy altar of Qazlal.
  4319 | D:6      | Found a white marble altar of Elyvilon.
  4325 | D:6      | Found a glowing golden altar of the Shining One.
  4327 | D:6      | Found a snail-covered altar of Cheibriados.
  4333 | D:6      | Found a basalt altar of Yredelemnul.
  4370 | D:6      | Became a worshipper of Beogh the Brigand
  4370 | D:6      | Reached * piety under Beogh
  4370 | D:6      | Reached ** piety under Beogh
  4425 | D:6      | Reached XP level 8. HP: 60/69 MP: 8/8
  4516 | D:6      | Found a staircase to the Ecumenical Temple.
  5469 | D:7      | Reached skill level 5 in Armour
  5476 | D:7      | Found a sand-covered staircase.
  5543 | D:7      | Noticed elbjorno's ghost (novice SpEn)
  5691 | Ossuary  | Entered an ossuary
  5863 | Ossuary  | Reached *** piety under Beogh
  5951 | D:7      | Noticed a hippogriff
  5966 | D:7      | Killed a hippogriff
  5966 | D:7      | Reached skill level 10 in Axes
  5966 | D:7      | Reached XP level 9. HP: 31/79 MP: 9/9
  6131 | D:7      | Found a hide-covered altar of Uskayaw.
  6149 | D:7      | Got a scorched war axe
  6150 | D:7      | Identified the +10 war axe of Disorder {venom, rElec rPois Int-4 SInv} (You found it on level 7 of the Dungeon)
  6448 | D:7      | Killed elbjorno's ghost
  6796 | D:7      | Reached XP level 10. HP: 80/88 MP: 10/10
  7042 | D:8      | Noticed a two-headed ogre
  7115 | D:8      | Noticed BorisKarlOrff's ghost (novice GrBe)
  7197 | D:8      | Killed a two-headed ogre
  7281 | D:8      | Noticed a two-headed ogre
  7289 | D:8      | Reached **** piety under Beogh
  7299 | D:8      | Killed a two-headed ogre
  7299 | D:8      | Reached skill level 5 in Dodging
  7419 | D:8      | Noticed a two-headed ogre
  7430 | D:8      | Killed a two-headed ogre
  7542 | D:8      | Found a glowing silver altar of Zin.
  7943 | D:9      | Reached XP level 11. HP: 78/97 MP: 11/11
  8032 | D:9      | Found a shadowy altar of Dithmenos.
  8193 | D:9      | Got a slimy crystal amulet
  8195 | D:9      | Identified the amulet of Toosm {Spirit +Blink rPois rC- rN+ Str+2} (You found it on level 9 of the Dungeon)
  8266 | D:9      | Noticed a two-headed ogre
  8277 | D:9      | Killed a two-headed ogre
  8398 | D:9      | Noticed a two-headed ogre
  8407 | D:9      | Killed a two-headed ogre
  8514 | D:9      | Found a white marble altar of Elyvilon.
  8514 | D:9      | Noticed a deep elf mage
  8523 | D:9      | Gained mutation: You expend magic power (3 MP) to strengthen your wands. [potion of mutation]
  8523 | D:9      | Gained mutation: You are frail. (-10% HP) [potion of mutation]
  8523 | D:9      | Gained mutation: You have a pair of small horns on your head. [potion of mutation]
  8531 | D:9      | Killed a deep elf mage
  8531 | D:9      | Reached skill level 15 in Axes
  8553 | D:10     | Entered Level 10 of the Dungeon
  8559 | D:10     | Reached ***** piety under Beogh
  8559 | D:10     | Reached skill level 10 in Fighting
  8659 | D:10     | Found Mompirag's Armour Emporium.
  9583 | D:11     | Noticed a two-headed ogre
  9591 | D:11     | Killed a two-headed ogre
  9668 | D:11     | Gained Boldo as an ally
  9736 | D:11     | Noticed a two-headed ogre
  9747 | D:11     | Killed a two-headed ogre
  9747 | D:11     | Reached skill level 10 in Armour
  9752 | D:11     | Reached XP level 12. HP: 71/96 MP: 6/12
 10151 | D:11     | Found a staircase to the Lair.
 10211 | D:11     | Paralysed by a hornet for 3 turns
 10329 | D:11     | Gained Harm as an ally
 10352 | D:11     | Found a staircase to the Orcish Mines.
 10788 | D:12     | Noticed a seven-headed hydra
 11272 | D:12     | Reached skill level 1 in Invocations
 11278 | D:12     | Killed a seven-headed hydra
 11278 | D:12     | Reached skill level 1 in Evocations
 11890 | D:13     | Noticed a two-headed ogre
 11896 | D:13     | Killed a two-headed ogre
 12011 | D:13     | Noticed Rupert
 12011 | D:13     | Paralysed by Rupert for 3 turns
 12043 | D:13     | Killed Rupert
 12062 | D:13     | Gained Thorok as an ally
 12281 | D:13     | Noticed a two-headed ogre
 12288 | D:13     | Killed a two-headed ogre
 12483 | D:13     | Found a gate to the Vaults.
 12483 | D:13     | Noticed a vault guard
 12483 | D:13     | Noticed a vault guard
 12483 | D:13     | Noticed a vault guard
 12483 | D:13     | Noticed a vault guard
 12497 | D:13     | Killed a vault guard
 12497 | D:13     | Reached XP level 13. HP: 72/107 MP: 16/16
 12503 | D:13     | Killed a vault guard
 12511 | D:13     | Killed a vault guard
 12511 | D:13     | Reached ****** piety under Beogh
 12511 | D:13     | Reached skill level 5 in Invocations
 12524 | D:13     | Killed a vault guard
 12526 | D:13     | Your ally Harm died
 12542 | D:13     | Noticed Urug
 12684 | Lair:1   | Entered Level 1 of the Lair of Beasts
 13025 | Lair:1   | Noticed Gastronok
 13036 | Lair:1   | Killed Gastronok
 15244 | Lair:3   | Reached skill level 1 in Shields
 15330 | Lair:3   | Gained Milork as an ally
 16254 | D:13     | Killed Urug
 16804 | Lair:4   | Identified a scroll of acquirement
 16868 | Lair:4   | Found a staircase to the Snake Pit.
 17251 | Lair:4   | Got a jewelled chain mail
 17265 | Lair:4   | Identified the cursed +0 chain mail of the Doge {Str+3} (You found it on level 4 of the Lair of Beasts)
 17416 | Lair:5   | Reached XP level 14. HP: 115/118 MP: 16/19
 18022 | Lair:6   | Entered Level 6 of the Lair of Beasts
 18125 | Lair:6   | Your ally Boldo died
 18819 | Lair:6   | Found a viscous altar of Jiyva.
 18820 | Lair:6   | Found a staircase to the Slime Pits.
 19162 | Lair:6   | Reached skill level 5 in Shields
 19404 | Lair:6   | Found a large runed door.
 19404 | Lair:6   | Found a large runed door.
 19706 | Lair:6   | Got a heavily jewelled robe
 19719 | Lair:6   | Identified the +1 robe of Luismoik {*Slow rPois rN++ Int+4} (You found it on level 6 of the Lair of Beasts)
 20904 | Lair:3   | Found a staircase to the Swamp.
 21409 | Orc:1    | Entered Level 1 of the Orcish Mines
 21778 | Orc:2    | Entered Level 2 of the Orcish Mines
 21821 | Orc:2    | Found Ferem's Antique Armour Emporium.
 21834 | Orc:2    | HP: 5/119 [ettin/dire flail (10)]
 22264 | Orc:2    | Found a staircase to the Elven Halls.
 22283 | Orc:2    | Found Vaogelao's General Store.
 22506 | Orc:1    | Reached skill level 1 in Spellcasting
 22508 | Orc:1    | Noticed an orc warlord
 22513 | Orc:1    | Gained Bladwarg as an ally
 22520 | Orc:1    | Killed an orc warlord
 22628 | Orc:1    | Found Nirroen's Assorted Antiques.
 23047 | Orc:2    | Found Pebb's Antique Weapon Boutique.
 23057 | Orc:2    | Reached skill level 15 in Fighting
 23111 | Orc:2    | Reached XP level 15. HP: 71/126 MP: 11/22
 23552 | Orc:2    | Found Fuysi's Jewellery Shoppe.
 24324 | Lair:4   | Learned a level 1 spell: Corona
 24328 | Lair:4   | Learned a level 3 spell: Confuse
 24332 | Lair:4   | Learned a level 3 spell: Tukima's Dance
 24337 | Lair:4   | Learned a level 4 spell: Cause Fear
 24610 | Swamp:1  | Entered Level 1 of the Swamp
 24660 | Swamp:1  | Gained Garbold as an ally
 24663 | Swamp:1  | Reached skill level 1 in Hexes
 24663 | Swamp:1  | Reached skill level 10 in Invocations
 24693 | Swamp:1  | Got a steaming robe
 24704 | Swamp:1  | Identified the +1 robe of a Billion Wars {Dex+4} (You found it on level 1 of the Swamp)
 25542 | Swamp:1  | Your ally Garbold died
 25630 | Swamp:1  | Noticed a thorn hunter
 25654 | Swamp:1  | Killed a thorn hunter
 25900 | Swamp:1  | Got a crystal glaive
 25906 | Swamp:1  | Identified the +1 glaive "Eroleeky" {chaos, *Rage Str+3} (You found it on level 1 of the Swamp)
 26672 | Swamp:2  | Got a bronze leather armour
 26679 | Swamp:2  | Found a frozen archway.
 26735 | Swamp:2  | Got a faintly glowing whip
 26745 | IceCv    | Entered an ice cave
 27074 | IceCv    | Identified the +9 whip of Guilt {venom, +Rage} (You found it on level 2 of the Swamp)
 27147 | IceCv    | Identified the +0 leather armour "Yskoesa Bakk" {rElec rN++} (You found it on level 2 of the Swamp)
 27724 | IceCv    | Reached skill level 1 in Polearms
 28357 | Swamp:2  | Found a transporter.
 28908 | Swamp:2  | Gained Oruk as an ally
 29165 | Swamp:2  | Found a transporter.
 29188 | Swamp:2  | Found the +8 demon blade "Bloodbane" {slice, *Rage +Rage Stlth-}
 29705 | Swamp:3  | Noticed a thorn hunter
 29905 | Orc:2    | Bought a shiny shield for 187 gold pieces
 30104 | Swamp:3  | Killed a thorn hunter
 30119 | Swamp:3  | Reached XP level 16. HP: 106/135 MP: 20/24
 30253 | Swamp:3  | Noticed Louise
 30287 | Swamp:3  | Killed Louise
 30798 | Swamp:4  | Entered Level 4 of the Swamp
 31158 | Swamp:4  | Noticed a thorn hunter
 31635 | Swamp:3  | Your ally Oruk died
 32185 | Swamp:4  | Noticed a thorn hunter
 32442 | Swamp:3  | Killed a thorn hunter
 32852 | Swamp:4  | Noticed a thorn hunter
 33063 | Swamp:4  | Killed a thorn hunter
 33983 | Swamp:3  | Killed a thorn hunter
 34076 | Swamp:3  | Reached skill level 1 in Maces & Flails
 34231 | Swamp:4  | Gained Borgun as an ally
 34231 | Swamp:4  | Gained Blodwig as an ally
 35114 | Swamp:4  | Got a decaying rune of Zot
 35377 | Snake:1  | Entered Level 1 of the Snake Pit
 36633 | Snake:1  | Reached XP level 17. HP: 113/144 MP: 23/26
 37616 | Snake:2  | Reached skill level 10 in Shields
 40220 | Snake:4  | Entered Level 4 of the Snake Pit
 40660 | Snake:4  | Noticed Vashnia
 40961 | Snake:3  | Killed Vashnia
 41890 | Snake:4  | Reached XP level 18. HP: 136/153 MP: 28/28
 42274 | Snake:4  | Reached skill level 15 in Armour
 42993 | Snake:4  | Gained Dorog as an ally
 43220 | Snake:4  | Your ally Dorog died
 43545 | Snake:4  | Gained Bogfrid as an ally
 43593 | Snake:4  | Your ally Bogfrid died
 43934 | Snake:4  | Learned a level 1 spell: Animate Skeleton
 43936 | Snake:4  | Learned a level 1 spell: Apportation
 44425 | Snake:4  | Got a serpentine rune of Zot
 44747 | Elf:1    | Entered Level 1 of the Elven Halls
 44956 | Elf:1    | Reached skill level 15 in Invocations
 45231 | Elf:1    | Noticed an Ice Fiend
 46048 | Elf:1    | Noticed Kirke
 46063 | Elf:1    | Killed Kirke
 46063 | Elf:1    | Reached XP level 19. HP: 144/164 MP: 30/30
 46435 | Elf:2    | Noticed Jorgrun
 46437 | Elf:2    | Found a ruined gateway.
 46446 | Elf:2    | Killed Jorgrun
 46450 | Elf:2    | Gained Bogmar as an ally
 46650 | Desolati | Entered the Desolation of Salt
 46836 | Desolati | Gained Bogdar as an ally
 47501 | Desolati | Your ally Bogdar died
 47532 | Desolati | Identified Kaod's Catalogue of Evil Secrets
 47541 | Desolati | Got a faintly glowing plate armour
 47552 | Desolati | Identified the cursed +0 plate armour of Dishonour {*Slow Regen+ Str+4} (You found it in the Desolation of Salt)
 47557 | Desolati | Identified the Collected Works on Shifting Feathers
 47607 | Desolati | Learned a level 1 spell: Summon Small Mammal
 47622 | Desolati | Identified Nyt Fokk's Tome of Weightlessness and Calling
 48170 | Desolati | Gained Orik as an ally
 48208 | Desolati | Gained Borgun as an ally
 48307 | Desolati | Identified Sif Muna's Reference Book on Protection
 48328 | Desolati | Got a warped robe
 48341 | Desolati | Identified the +2 robe of Pequn {-Cast rF++ rC+ Stlth+} (You found it in the Desolation of Salt)
 48858 | Desolati | Got a scorched zirconium amulet
 48861 | Desolati | Identified the amulet "Gyan" {Spirit *Drain rF+++ rC- Dex+4} (You found it in the Desolation of Salt)
 48863 | Desolati | Got a pair of faintly humming gloves
 48874 | Desolati | Identified the +1 pair of gloves "Jurru" {Dex+2} (You found it in the Desolation of Salt)
 48880 | Desolati | Got a scorched plate armour
 48891 | Desolati | Identified the +6 plate armour "Fuarikaz" {rF+} (You found it in the Desolation of Salt)
 49298 | Elf:2    | Found a runed gate.
 49298 | Elf:2    | Found a runed gate.
 49298 | Elf:2    | Found a runed gate.
 49864 | Elf:2    | Learned a level 2 spell: Slow
 51431 | Elf:3    | Entered Level 3 of the Elven Halls
 51511 | Elf:3    | Reached XP level 20. HP: 141/175 MP: 32/32
 52088 | Elf:3    | Learned a level 3 spell: Summon Guardian Golem
 53065 | Elf:3    | Noticed Bai Suzhen
 53066 | Elf:3    | Your ally Blodwig died
 53086 | Elf:3    | Your ally Borgun died
 53091 | Elf:3    | Your ally Bladwarg died
 53097 | Elf:3    | Your ally Borgun died
 53098 | Elf:3    | Your ally Orik died
 53102 | Elf:3    | Your ally Thorok died
 53103 | Elf:3    | Your ally Milork died
 53110 | Elf:3    | Your ally died
 53111 | Elf:3    | Gained Marbaugh as an ally
 53897 | Elf:3    | Got a twitching silver ring
 53949 | Elf:3    | Noticed a Tzitzimitl
 54146 | Elf:3    | Identified the ring "Joutz" {Ice Dex+4} (You took it off a deep elf elementalist on level 3 of the Elven Halls)
 54436 | Elf:3    | Got an iridescent hand crossbow
 54437 | Elf:3    | Identified the +10 hand crossbow "Jellyslayer" {velocity, rN+ MR+ Str+3} (You found it on level 3 of the Elven Halls)
 55367 | D:14     | Found Pefiumuch's Assorted Antiques.
 55524 | D:14     | Found Yxtegocs's Food Shop.
 55923 | D:15     | Entered Level 15 of the Dungeon
 55933 | D:15     | Found Heda Ont's Jewellery Shop.
 55955 | D:15     | Found Jepnuga's Antique Weapon Boutique.
 55964 | D:15     | Noticed Agnes
 55979 | D:15     | Killed Agnes
 56102 | D:15     | Gained Orbeogh as an ally
 56174 | D:15     | Found a staircase to the Depths.
 56177 | D:15     | Got a bloodstained trident
 56270 | D:15     | Identified the cursed +3 trident "Conservator" {pierce, +Blink rF++ rN+ Dex-5} (You found it on level 15 of the Dungeon)
 56447 | D:15     | Found Oqathut's Book Shop.
 56448 | D:15     | Found Peniovan's General Store.
 56601 | D:15     | Noticed Sonja
 56601 | D:15     | Gained Orkrul as an ally
 56605 | D:15     | Killed Sonja
 56647 | D:15     | Found Zehi's Armour Emporium.
 57002 | Depths:1 | Entered Level 1 of the Depths
 57068 | Depths:1 | Noticed the Enchantress
 57069 | Depths:1 | Your ally Orbeogh died
 57071 | Depths:1 | Your ally Orkrul died
 57084 | Depths:1 | Your ally Bogmar died
 57198 | D:15     | Your ally Marbaugh died
 57213 | D:15     | Killed the Enchantress
 57226 | D:15     | Got faerie dragon scales
 57237 | D:15     | Identified the +5 faerie dragon scales {rF+ rCorr Str+2} (You took it off the Enchantress on level 15 of the Dungeon)
 57671 | D:15     | Reached XP level 21. HP: 143/186 MP: 26/33
 57673 | D:15     | Gained Dorog as an ally
 58130 | D:15     | Bought an uncursed ring of protection from cold for 325 gold pieces
 58600 | Depths:1 | Noticed Sojobo
 58618 | D:15     | Killed Sojobo
 58618 | D:15     | Reached skill level 5 in Evocations
 58752 | Depths:1 | Found a gateway to Hell.
 58947 | Depths:1 | Your ally Dorog died
 59385 | Depths:1 | Found a portal to a secret trove of treasure.
 59459 | Depths:1 | Noticed Nikola
 59480 | Depths:1 | Killed Nikola
 60913 | Depths:2 | Got an uncursed crystal hand axe {chop}
 60914 | Depths:2 | Identified the +4 hand axe of the Ageless Emperors {chop, rN+ Stlth+} (You took it off a yaktaur on level 2 of the Depths)
 61529 | Depths:2 | Found Uxenlao's Assorted Antiques.
 61531 | Depths:2 | Found Ihoeqi's Assorted Antiques.
 61533 | Depths:2 | Found Aphoshrakku's Weapon Boutique.
 61802 | Depths:2 | Gained Arkwar as an ally
 62035 | Depths:2 | Noticed a golden dragon
 62130 | Depths:2 | Gained Oruk as an ally
 62137 | Depths:2 | Got a transparent granite ring
 62139 | Depths:2 | Identified the ring "Etoantul" {rElec rPois rF+++ AC+5 Str-2} (You acquired it on level 2 of the Depths)
 62165 | Depths:2 | Got a faintly glowing emerald amulet
 62167 | Depths:2 | Identified the amulet of the Original Sin {Gourm rElec rF+ rC+++ Int+3 Dex-5} (You acquired it on level 2 of the Depths)
 62174 | Depths:2 | Got a warped executioner's axe
 62180 | Depths:2 | Identified the +3 executioner's axe "Rusayxku" {flame, rElec rN++ Str+4 Stlth-} (You acquired it on level 2 of the Depths)
 62369 | Depths:2 | Killed a golden dragon
 62538 | Depths:2 | Reached XP level 22. HP: 140/198 MP: 34/34
 63064 | D:14     | Bought a scroll of teleportation for 90 gold pieces
 63209 | Orc:2    | Bought a scroll of blinking for 105 gold pieces
 63782 | Depths:3 | Found a flickering gateway to a bazaar.
 63789 | Bazaar   | Entered a bazaar
 63803 | Bazaar   | Found Piro's Antique Armour Shoppe.
 63803 | Bazaar   | Found Putud's Gadget Emporium.
 63842 | Bazaar   | Found Gyamefot's Weapon Shoppe.
 63842 | Bazaar   | Found Aclunum's Magic Scroll Emporium.
 63943 | Bazaar   | Bought 2 scrolls of enchant armour for 150 gold pieces
 63943 | Bazaar   | Bought a scroll of teleportation for 30 gold pieces
 63943 | Bazaar   | Bought a scroll of enchant weapon for 75 gold pieces
 63943 | Bazaar   | Bought a scroll of teleportation for 30 gold pieces
 63943 | Bazaar   | Bought a scroll of teleportation for 30 gold pieces
 64147 | Depths:3 | Learned a level 3 spell: Regeneration
 64153 | Depths:3 | Learned a level 3 spell: Vampiric Draining
 64809 | Depths:3 | Learned a level 4 spell: Animate Dead
 65010 | Depths:3 | Found a one-way gate leading to the halls of Pandemonium.
 65056 | Depths:3 | Found a gateway to a ziggurat.
 65157 | Depths:3 | Found a one-way gate to the infinite horrors of the Abyss.
 65218 | Depths:3 | Found Teup's Gadget Shop.
 65218 | Depths:3 | Found Ocwupt's Jewellery Shoppe.
 65219 | Depths:3 | Found Honaz's Gadget Shop.
 65372 | Depths:3 | Reached skill level 10 in Dodging
 65506 | Depths:3 | Noticed Frederick
 65704 | Depths:3 | Paralysed by a floating eye for 3 turns
 65709 | Depths:3 | Paralysed by a floating eye for 2 turns
 65843 | Depths:3 | Killed Frederick
 65917 | Depths:3 | Found a radiant altar of Vehumet.
 66430 | Depths:3 | Identified the Grimoire of Destructive Bewitchment
 66795 | Depths:3 | Paralysed by a floating eye for 2 turns
 66798 | Depths:3 | Paralysed by a floating eye for 3 turns
 66995 | Vaults:1 | Entered Level 1 of the Vaults
 67080 | Vaults:1 | Reached skill level 5 in Spellcasting
 67185 | Vaults:1 | Found a magical portal.
 67208 | WizLab   | Entered The Chambers of the Cloud Mage
 67450 | WizLab   | Gained Horkud as an ally
 67585 | WizLab   | Your ally Horkud died
 68324 | WizLab   | Reached skill level 1 in Summonings
 68324 | WizLab   | Reached skill level 1 in Necromancy
 68556 | WizLab   | Learned a level 3 spell: Spectral Weapon
 68559 | WizLab   | Got a glittering golden ring
 68561 | WizLab   | Identified the ring of Foxex {+Fly Str+6 SInv} (You found it in a wizard's laboratory)
 68573 | WizLab   | Identified the +6 battleaxe of Mayhem {distort, rC+ MP+9 Dex+4} (You found it in a wizard's laboratory)
 68580 | WizLab   | Identified the Reference Book on Air
 68609 | WizLab   | Got a shimmering quick blade
 68610 | WizLab   | Identified the +4 quick blade "Eteoskesm" {flame, Int+3} (You found it in a wizard's laboratory)
 69552 | Vaults:1 | Reached skill level 5 in Hexes
 69628 | Vaults:1 | Reached XP level 23. HP: 191/204 MP: 35/35
 69981 | Vaults:1 | Reached skill level 1 in Charms
 70207 | Vaults:2 | Gained Orkwin as an ally
 70733 | Vaults:2 | Gained Hawl as an ally
 71416 | Vaults:2 | Found Nyatree's Weapon Shop.
 71419 | Vaults:2 | Reached skill level 5 in Necromancy
 71957 | Vaults:3 | Found Vuof's Distillery.
 72182 | Vaults:3 | Learned a level 2 spell: Shroud of Golubria
 72189 | Vaults:3 | Got a faintly humming scale mail
 72200 | Vaults:3 | Identified the cursed +1 scale mail "Enuwo" {Str+4 Int-2 Dex+5} (You found it on level 3 of the Vaults)
 72325 | Vaults:3 | Got a translucent scale mail
 72336 | Vaults:3 | Identified the +5 scale mail "Xereh" {rCorr Dex+2} (You acquired it on level 3 of the Vaults)
 72664 | Vaults:3 | Got a wizard robe
 72675 | Vaults:3 | Identified the cursed +0 robe of Beguraiz {Dex+8} (You found it on level 3 of the Vaults)
 72681 | Vaults:3 | Found a radiant altar of Vehumet.
 72989 | Vaults:3 | Gained Boghold as an ally
 73121 | Vaults:3 | Gained Urtork as an ally
 73259 | Vaults:3 | Found Astroaneu's Distillery.
 73264 | Vaults:3 | Bought a potion of mutation for 136 gold pieces
 73264 | Vaults:3 | Bought a potion of heal wounds for 85 gold pieces
 73264 | Vaults:3 | Bought a potion of mutation for 136 gold pieces
 73264 | Vaults:3 | Bought a potion of haste for 170 gold pieces
 73264 | Vaults:3 | Bought a potion of mutation for 136 gold pieces
 73264 | Vaults:3 | Bought a potion of heal wounds for 85 gold pieces
 73309 | Vaults:3 | Found a staircase to the Crypt.
 74004 | Vaults:3 | Found Neyn's General Store.
 74064 | Vaults:3 | Found Animinti's Armour Boutique.
 74067 | Vaults:3 | Bought the +0 pair of fencer's gloves {+Riposte Dex+3} for 720 gold pieces
 74067 | Vaults:3 | Found the +0 pair of fencer's gloves {+Riposte Dex+3}
 75151 | Vaults:4 | Reached XP level 24. HP: 176/211 MP: 32/35
 75154 | Vaults:4 | Gained Koronagh as an ally
 75707 | Vaults:4 | Noticed Name63's ghost (master GnWn)
 75973 | Vaults:4 | Gained Bogfrid as an ally
 77044 | Vaults:4 | Killed Name63's ghost
 77644 | Vaults:5 | Entered Level 5 of the Vaults
 77870 | Vaults:4 | Reached skill level 15 in Dodging
 78032 | Vaults:4 | Reached skill level 5 in Charms
 78400 | Vaults:5 | Noticed an ancient lich
 78792 | Vaults:4 | Cast into level 5 of the Abyss (an ancient lich)
 78792 | Abyss:5  | Entered Level 5 of the Abyss
 78800 | Abyss:5  | Found a corrupted altar of Lugonu.
 79045 | Vaults:4 | Escaped the Abyss
 79051 | Vaults:4 | Killed an ancient lich
 79669 | Vaults:4 | Reached XP level 25. HP: 163/218 MP: 36/36
 80170 | Vaults:5 | Cast into level 2 of the Abyss (a deep elf demonologist)
 80226 | Vaults:5 | Escaped the Abyss
 80639 | Vaults:5 | Reached skill level 1 in Translocations
 81096 | Vaults:5 | Gained Worak as an ally
 81104 | Vaults:5 | Gained Oreg as an ally
 81196 | Vaults:5 | Found the twisted robe
 81349 | Vaults:5 | Identified Ynuthati's Incunabulum of Dusty Venom
 81390 | Vaults:5 | Got a silver rune of Zot
 81435 | Vaults:5 | Identified the cursed +1 robe "Luboat" {*Corrode rElec rN++ Int-3} (You found it on level 5 of the Vaults)
 81489 | Vaults:5 | Found the ring of the Octopus King
 81512 | Vaults:5 | Your ally Urtork died
 81517 | Vaults:5 | Your ally Oruk died
 81673 | Vaults:5 | Got a ring of the Octopus King
 81675 | Vaults:5 | Identified a ring of the Octopus King {rC+ AC+1 EV+1 Str+1 Int+1 Dex+1} (You found it on level 5 of the Vaults)
 82424 | Vaults:5 | Identified the cursed -5 robe of Misfortune {-Cast *Contam *Tele *Drain EV-5 Stlth-- *Curse} (You found it on level 5 of the Vaults)
 82530 | Vaults:5 | Identified the +9 short sword "Izaasm" {freeze, MR- Str+4 Int+8} (You found it on level 5 of the Vaults)
 82693 | Vaults:3 | Bought a potion of heal wounds for 80 gold pieces
 82693 | Vaults:3 | Bought a potion of heal wounds for 80 gold pieces
 82881 | Depths:2 | Bought a heavily runed ring mail for 450 gold pieces
 82881 | Depths:2 | Identified the +2 ring mail of Esujia {rC++ MR+} (You bought it in a shop on level 2 of the Depths)
 83081 | Depths:2 | Identified the ring of Amnil {AC+3 Stlth+} (You found it on level 2 of the Depths)
 83497 | Swamp:2  | Got a pitted sapphire amulet
 83507 | Swamp:2  | Got a wavering pewter ring
 83677 | Snake:1  | Identified the amulet "Sior" {+Rage Dex+4} (You found it on level 2 of the Swamp)
 83707 | Snake:1  | Identified the ring of Hoegg {rF+ Dex+8} (You found it on level 2 of the Swamp)
 83731 | Snake:1  | Got a pair of brightly glowing boots
 83742 | Snake:1  | Identified the +0 pair of boots of Vehumet's Displeasure {Dex+7} (You acquired it on level 1 of the Snake Pit)
 83955 | Crypt:1  | Entered Level 1 of the Crypt
 84284 | Crypt:1  | Noticed Jory
 84411 | Vaults:3 | Killed Jory
 84452 | Vaults:3 | Your ally Hawl died
 85356 | Crypt:1  | Learned a level 5 spell: Borgnjor's Vile Clutch
 85492 | Crypt:1  | Reached skill level 1 in Earth Magic
 85583 | Crypt:1  | Got a warped leather armour
 85594 | Crypt:1  | Identified the +2 leather armour "Liytasch" {*Contam +Inv rPois rCorr} (You found it on level 1 of the Crypt)
 85636 | Crypt:1  | Gained mutation: You are partially covered in molten scales. (AC +2) [mutagenic glow]
 85797 | Crypt:2  | Noticed Margery
 85804 | Crypt:2  | Killed Margery
 85808 | Crypt:2  | Reached XP level 26. HP: 168/227 MP: 36/36
 86217 | Crypt:2  | Got a dazzling plate armour
 86228 | Crypt:2  | Identified the +1 plate armour "Utrus" {rC+ Str+4 Stlth+} (You found it on level 2 of the Crypt)
 87366 | Crypt:3  | Entered Level 3 of the Crypt
 87373 | Crypt:3  | Noticed Xtahua
 87391 | Crypt:3  | Paralysed by Xtahua for 5 turns
 87397 | Crypt:3  | Killed Xtahua
 87763 | Crypt:3  | Gained Bogric as an ally
 87934 | Crypt:3  | Found a staircase to the Tomb.
 87944 | Crypt:3  | Reached skill level 5 in Translocations
 88284 | Crypt:3  | Found the +8 demon blade "Leech" {vamp, rN+ AC-3 EV-3}
 88380 | Crypt:3  | Noticed Mara
 88435 | Crypt:3  | Killed Mara
 88985 | Crypt:3  | Found a basalt altar of Yredelemnul.
 89196 | Crypt:3  | Identified the Disquisition on Supportive Protection
 89926 | Crypt:3  | Got a distressingly furry hat
 89937 | Crypt:3  | Identified the +0 hat of Idiukhloci {*Contam rN++} (You acquired it on level 3 of the Crypt)
 90220 | Hell     | Entered the Vestibule of Hell
 90220 | Hell     | Noticed Geryon
 91140 | Hell     | Reached skill level 15 in Shields
 92008 | Hell     | Noticed Murray
 92379 | Depths:1 | Killed Murray
 92694 | Hell     | Killed Geryon
 92797 | Hell     | Found a gateway to the ashen valley of Gehenna.
 92829 | Hell     | Found a gateway to the Iron City of Dis.
 92892 | Hell     | Found a gateway to the freezing wastes of Cocytus.
 93005 | Hell     | Gained Morbeogh as an ally
 93042 | Hell     | Found a gateway to the decaying netherworld of Tartarus.
 93813 | Orc:2    | Bought a glowing shield for 187 gold pieces
 93856 | Orc:2    | Bought a potion of heal wounds for 70 gold pieces
 93883 | Orc:2    | Bought a distressingly furry ring mail for 225 gold pieces
 93953 | Elf:2    | Identified the +4 ring mail of the Hare {rF+ rC- Int+5} (You bought it in a shop on level 2 of the Orcish Mines)
 94216 | Depths:3 | Paralysed by a floating eye for 4 turns
 94222 | Depths:3 | Paralysed by a floating eye for 3 turns
 94229 | Depths:3 | Reached XP level 27. HP: 228/234 MP: 20/37
 94400 | Geh:1    | Entered Level 1 of Gehenna
 94765 | Hell     | Lost mutation: You are frail. (-10% HP) [potion of mutation]
 94765 | Hell     | Lost mutation: You expend magic power (3 MP) to strengthen your wands. [potion of mutation]
 94765 | Hell     | Lost mutation: You have a pair of small horns on your head. [potion of mutation]
 94765 | Hell     | Gained mutation: You occasionally shout uncontrollably at your foes. [potion of mutation]
 94765 | Hell     | Gained mutation: Your flesh is heat resistant. (rF+) [potion of mutation]
 96488 | Geh:2    | Gained Boghold as an ally
 98196 | Depths:3 | Voluntarily entered the Abyss.
 98274 | Abyss:1  | Got a crude steel ring
 98626 | Abyss:1  | Gained mutation: Armour fits poorly on your strangely shaped body. [a neqoxec]
 98727 | Abyss:1  | Gained Milork as an ally
 99080 | Abyss:1  | Your ally Milork died
 99368 | Abyss:1  | Found a corrupted altar of Lugonu.
 99456 | Abyss:1  | Found a corrupted altar of Lugonu.
 99457 | Abyss:1  | Gained Warbeogh as an ally
 99461 | Abyss:1  | Your ally Warbeogh died
100129 | Depths:3 | Escaped the Abyss
100271 | Depths:3 | Voluntarily entered the Abyss.
100339 | Abyss:1  | Gained mutation: Scrolls take you a little longer to read. [a neqoxec]
100373 | Abyss:1  | Identified the ring of Ufaiqofi {MR++ Stlth-} (You found it on level 1 of the Abyss)
100457 | Abyss:1  | Gained mutation: You are dopey. (Int -2) [a cacodemon]
100589 | Abyss:1  | Lost mutation: Armour fits poorly on your strangely shaped body. [potion of mutation]
100589 | Abyss:1  | Lost mutation: Scrolls take you a little longer to read. [potion of mutation]
100589 | Abyss:1  | Lost mutation: You occasionally shout uncontrollably at your foes. [potion of mutation]
100589 | Abyss:1  | Gained mutation: You are agile. (Dex +2) [potion of mutation]
100589 | Abyss:1  | Gained mutation: You are resistant to electric shocks. (rElec) [potion of mutation]
100596 | Abyss:1  | Lost mutation: You are agile. (Dex +2) [a neqoxec]
100638 | Depths:3 | Escaped the Abyss
100757 | Depths:3 | Voluntarily entered the Abyss.
101415 | Abyss:4  | Reached skill level 10 in Translocations
101620 | Abyss:4  | Got a wavering copper ring
101729 | Abyss:4  | Paralysed by a floating eye for 4 turns
101745 | Abyss:4  | Paralysed by a floating eye for 3 turns
101752 | Abyss:4  | Paralysed by a floating eye for 4 turns
101768 | Abyss:4  | Got an abyssal rune of Zot
101817 | Abyss:4  | Found a corrupted altar of Lugonu.
101843 | Depths:3 | Escaped the Abyss
102023 | Vaults:1 | Identified the ring of Laikewor {rPois rF+ SInv Stlth-} (You found it on level 4 of the Abyss)
102669 | Hell     | Lost mutation: You are dopey. (Int -2) [potion of mutation]
102669 | Hell     | Lost mutation: You are resistant to electric shocks. (rElec) [potion of mutation]
102669 | Hell     | Lost mutation: Your flesh is heat resistant. (rF+) [potion of mutation]
102669 | Hell     | Gained mutation: You evolve. [potion of mutation]
102669 | Hell     | Gained mutation: You have a pair of small antennae on your head. [potion of mutation]
103298 | Geh:4    | Gained Norbak as an ally
103449 | Geh:4    | Gained Wargath as an ally
103836 | Geh:4    | Your ally Wargath died
103842 | Geh:4    | Your ally Oreg died
104491 | Geh:5    | Reached skill level 10 in Spellcasting
104519 | Geh:5    | Gained Milork as an ally
104519 | Geh:5    | Gained Wargrak as an ally
104690 | Geh:5    | Your ally Milork died
105029 | Geh:5    | Your ally Milork died
107012 | Geh:6    | Cast into level 5 of the Abyss (the eldritch tentacle)
107012 | Abyss:5  | Entered Level 5 of the Abyss
107396 | Abyss:5  | Gained Worak as an ally
107398 | Abyss:5  | Gained Bogrim as an ally
107399 | Abyss:5  | Your ally Bogrim died
107408 | Geh:6    | Escaped the Abyss
107709 | Geh:7    | Entered Level 7 of Gehenna
108342 | Geh:7    | Noticed the Serpent of Hell
108349 | Geh:7    | Killed the Serpent of Hell
108829 | Geh:7    | Found the +10 large shield of Ignorance {rN+ Int-4}
109110 | Geh:7    | Gained mutation: You occasionally shout uncontrollably at your foes. [a neqoxec]
109261 | Hell     | Learned a level 6 spell: Statue Form
109353 | Depths:4 | Found a transporter.
109439 | Depths:4 | Reached skill level 1 in Transmutations
109450 | Depths:4 | Reached skill level 5 in Earth Magic
109687 | Depths:4 | Found an ornate altar of the Wu Jian Council.
109941 | Depths:4 | Found a transporter.
110045 | Depths:4 | Got a fine silver amulet
110136 | Depths:5 | Entered Level 5 of the Depths
110244 | Depths:5 | Identified the amulet "Isholaus" {Harm *Drain +Fly} (You found it on level 4 of the Depths)
110269 | Depths:5 | Reached skill level 5 in Transmutations
110353 | Depths:5 | Gained Thorok as an ally
110367 | Depths:5 | Your ally Thorok died
110399 | Depths:5 | Paralysed by a floating eye for 3 turns
110423 | Depths:5 | Gained Harm as an ally
110464 | Depths:5 | Found a gate to the Realm of Zot.
110946 | Depths:5 | Reached skill level 10 in Earth Magic
111100 | Zot:1    | Entered Level 1 of the Realm of Zot
111162 | Zot:1    | Your ally Harm died
112761 | Hell     | Learned a level 5 spell: Aura of Abjuration
113552 | Zot:2    | Reached skill level 10 in Transmutations
114112 | Zot:2    | Your ally Orkwin died
114840 | Zot:2    | Gained Zorug as an ally
114961 | Zot:2    | Gained Borgun as an ally
115142 | Zot:2    | Gained Wulfoc as an ally
115741 | Zot:3    | Your ally Wulfoc died
115856 | Zot:3    | Your ally Zorug died
115869 | Zot:3    | Your ally Borgun died
115874 | Zot:3    | Noticed an orb of fire
115966 | Zot:3    | Gained mutation: Your body sometimes deteriorates upon taking damage. [an orb of fire]
115974 | Zot:2    | Killed an orb of fire
115974 | Zot:2    | Reached skill level 15 in Translocations
116173 | Zot:3    | Gained Boderik as an ally
116191 | Zot:3    | Your ally Boderik died
117085 | Zot:3    | Gained Wulfoc as an ally
118059 | Zot:4    | Noticed an orb of fire
118148 | Zot:4    | Killed an orb of fire
118999 | Zot:2    | Gained mutation: You possess an exceptional clarity of mind. [evolution]
119393 | Lair:3   | Learned a level 5 spell: Lee's Rapid Deconstruction
119566 | Hell     | Learned a level 8 spell: Controlled Blink
119773 | Zot:5    | Entered Level 5 of the Realm of Zot
120044 | Zot:5    | Noticed an orb of fire
120049 | Zot:5    | Gained mutation: You are dopey. (Int -2) [an orb of fire]
120063 | Zot:5    | Gained mutation: Scrolls take you a little longer to read. [an orb of fire]
120067 | Zot:5    | Gained mutation: You are weak. (Str -2) [an orb of fire]
120068 | Zot:5    | Killed an orb of fire
120072 | Zot:5    | Noticed an ancient lich
120083 | Zot:5    | Killed an ancient lich
120164 | Zot:5    | Noticed an ancient lich
120179 | Zot:5    | Killed an ancient lich
120240 | Zot:5    | Noticed an ancient lich
120255 | Zot:5    | Killed an ancient lich
120289 | Zot:5    | Lost mutation: Scrolls take you a little longer to read. [potion of mutation]
120289 | Zot:5    | Lost mutation: You are dopey. (Int -2) [potion of mutation]
120289 | Zot:5    | Lost mutation: You possess an exceptional clarity of mind. [potion of mutation]
120289 | Zot:5    | Gained mutation: You have large cloven feet. [potion of mutation]
120289 | Zot:5    | Gained mutation: Your natural rate of healing is unusually fast. [potion of mutation]
120415 | Zot:5    | Noticed an orb of fire
120433 | Zot:5    | Gained mutation: Potions are less effective at restoring your health. [an orb of fire]
120436 | Zot:5    | Gained mutation: Armour fits poorly on your strangely shaped body. [an orb of fire]
120451 | Zot:5    | Killed an orb of fire
120492 | Zot:5    | Lost mutation: You have large cloven feet. [potion of mutation]
120492 | Zot:5    | Lost mutation: Your body sometimes deteriorates upon taking damage. [potion of mutation]
120492 | Zot:5    | Lost mutation: You are weak. (Str -2) [potion of mutation]
120492 | Zot:5    | Gained mutation: You are robust. (+10% HP) [potion of mutation]
120609 | Zot:5    | Noticed an ancient lich
120797 | Zot:5    | Noticed an orb of fire
120813 | Zot:5    | Gained mutation: Your body sometimes deteriorates upon taking damage. [an orb of fire]
120817 | Zot:5    | Killed an orb of fire
120876 | Zot:5    | Noticed an orb of fire
120894 | Zot:5    | Gained mutation: You are clumsy. (Dex -2) [an orb of fire]
121124 | Zot:5    | Noticed an ancient lich
121125 | Zot:4    | Killed an orb of fire
121144 | Zot:5    | Killed an ancient lich
121162 | Zot:5    | Killed an ancient lich
121467 | Zot:5    | Noticed an ancient lich
121485 | Zot:5    | Killed an ancient lich
122184 | Zot:5    | Got a twisted broad axe
122516 | Vaults:2 | Identified the +11 broad axe "Tattletale" {speed, Int+4} (You acquired it on level 5 of the Realm of Zot)
122521 | Vaults:2 | Lost mutation: You have a pair of small antennae on your head. [potion of mutation]
122521 | Vaults:2 | Lost mutation: You occasionally shout uncontrollably at your foes. [potion of mutation]
122521 | Vaults:2 | Lost mutation: You evolve. [potion of mutation]
122521 | Vaults:2 | Gained mutation: Scrolls take you a little longer to read. [potion of mutation]
122521 | Vaults:2 | Gained mutation: Your flesh is heat resistant. (rF+) [potion of mutation]
122522 | Vaults:2 | Lost mutation: Armour fits poorly on your strangely shaped body. [potion of mutation]
122522 | Vaults:2 | Lost mutation: Scrolls take you a little longer to read. [potion of mutation]
122522 | Vaults:2 | Lost mutation: Your flesh is heat resistant. (rF+) [potion of mutation]
122522 | Vaults:2 | Gained mutation: You are partially covered in iridescent scales. (AC +2) [potion of mutation]
122522 | Vaults:2 | Lost mutation: Your body sometimes deteriorates upon taking damage. [potion of mutation]
122522 | Vaults:2 | Gained mutation: Your flesh is heat resistant. (rF+) [potion of mutation]
123645 | Geh:7    | Reached skill level 15 in Spellcasting
123749 | Geh:7    | Gained Berold as an ally
123775 | Geh:7    | Noticed Asmodeus
123790 | Geh:7    | Killed Asmodeus
123797 | Geh:7    | Got an obsidian rune of Zot
123881 | Geh:7    | Got a slimy leather armour
124245 | Dis:1    | Entered Level 1 of the Iron City of Dis
125193 | Dis:3    | Gained Borgun as an ally
125197 | Dis:3    | Gained Borgk as an ally
125373 | Dis:3    | Gained Gorg as an ally
125706 | Dis:4    | Gained Rocco as an ally
126335 | Dis:4    | Your ally Rocco died
127855 | Dis:7    | Entered Level 7 of the Iron City of Dis
128685 | Dis:7    | Identified Cuiph's Incunabulum of the Sparrow
129141 | Dis:7    | Gained mutation: Scrolls take you a little longer to read. [a cacodemon]
130100 | Hell     | Learned a level 6 spell: Iron Shot
130269 | Dis:2    | Reached skill level 1 in Conjurations
131134 | Dis:7    | Noticed Dispater
131147 | Dis:7    | Killed Dispater
131147 | Dis:7    | Reached skill level 5 in Conjurations
131204 | Dis:7    | Got an iron rune of Zot
131206 | Dis:7    | Got a steaming sapphire amulet
131660 | Snake:2  | Identified the amulet of Impentoc {Faith Str-3 Int+5} (You found it on level 7 of the Iron City of Dis)
131976 | Coc:1    | Entered Level 1 of Cocytus
132040 | Coc:1    | Gained Arbolt as an ally
132258 | Coc:1    | Gained Blodwig as an ally
132300 | Coc:1    | Gained Marbork as an ally
132410 | Coc:1    | Your ally Arbolt died
132417 | Coc:1    | Your ally Blodwig died
132464 | Coc:1    | Gained Warbeogh as an ally
133018 | Coc:3    | Gained mutation: You are dopey. (Int -2) [mutagenic glow]
133249 | Coc:4    | Reached skill level 15 in Earth Magic
133355 | Coc:4    | Your ally Warbeogh died
133411 | Coc:4    | Gained mutation: Scrolls take you longer to read. [mutagenic glow]
133439 | Coc:4    | Lost mutation: You are robust. (+10% HP) [mutagenic glow]
133477 | Coc:4    | Gained mutation: You expend magic power (3 MP) to strengthen your wands. [mutagenic glow]
133534 | Coc:5    | Your ally Blodwig died
133823 | Coc:2    | Reached skill level 10 in Conjurations
134301 | Coc:5    | Gained Wargath as an ally
134668 | Coc:7    | Entered Level 7 of Cocytus
135275 | Coc:7    | Your ally Wargath died
135321 | Coc:7    | Reached skill level 27 in Invocations
135538 | Coc:7    | Gained Olfik as an ally
135553 | Coc:7    | Noticed Antaeus
135580 | Coc:7    | Killed Antaeus
135584 | Coc:7    | Got a brightly glowing great sword {protect}
135668 | Coc:7    | Identified Sif Muna's Tome of Ice
135681 | Coc:7    | Got an icy rune of Zot
136138 | Hell     | Identified a +1 pair of boots of running (You found it on level 7 of Cocytus)
136315 | Tar:1    | Entered Level 1 of Tartarus
136575 | Tar:3    | Gained Worak as an ally
136701 | Tar:4    | Gained Berold as an ally
137198 | Tar:5    | Reached skill level 10 in Necromancy
137231 | Tar:5    | Your ally Berold died
137237 | Tar:5    | Gained Bogric as an ally
137375 | Tar:5    | Identified the +1 great sword "Asche" {protect, rPois rF++ rC-} (You took it off Antaeus on level 7 of Cocytus)
137398 | Tar:5    | Your ally Worak died
137401 | Tar:5    | Your ally Bogric died
137653 | Tar:5    | Your ally Bogric died
137658 | Tar:5    | HP: 16/351 [doom hound[a shadow demon] (13)]
137664 | Tar:5    | Your ally Wulfoc died
138415 | Tar:6    | Gained Blodwig as an ally
138415 | Tar:6    | Gained Learuk as an ally
138425 | Tar:6    | Gained Bogdar as an ally
138426 | Tar:6    | Your ally Blodwig died
138523 | Tar:6    | Your ally Learuk died
138630 | Tar:6    | Found a huge runed gate.
138630 | Tar:6    | Found a huge runed gate.
138630 | Tar:6    | Found a huge runed gate.
138630 | Tar:6    | Found a huge runed gate.
138630 | Tar:6    | Found a huge runed gate.
138630 | Tar:6    | Found a huge runed gate.
138630 | Tar:6    | Found a huge runed gate.
138630 | Tar:6    | Found a huge runed gate.
138630 | Tar:6    | Found a huge runed gate.
138630 | Tar:6    | Found a huge runed gate.
138642 | Tar:6    | Found a huge runed gate.
138650 | Tar:6    | Found a huge runed gate.
138650 | Tar:6    | Found a huge runed gate.
138668 | Tar:6    | Found a huge runed gate.
138804 | Tar:6    | Gained Wargrak as an ally
138929 | Tar:6    | Your ally Bogdar died
138929 | Tar:6    | Your ally Wargrak died
139841 | Tar:4    | Gained mutation: Your magical capacity is low. (-10% MP) [mutagenic glow]
139870 | Tar:5    | Your ally Olfik died
139883 | Tar:5    | Your ally Boghold died
139890 | Tar:5    | Your ally Wulfoc died
140030 | Tar:6    | Noticed an ancient lich
140035 | Tar:6    | Killed an ancient lich
140162 | Tar:7    | Entered Level 7 of Tartarus
140269 | Tar:7    | Identified the Handbook of Boosting Transformation
140380 | Tar:7    | Your ally Bogdar died
140443 | Tar:7    | Noticed an ancient lich
140443 | Tar:7    | Cast into level 3 of the Abyss (a lich)
140490 | Abyss:3  | Paralysed by accursed screaming for 1 turns
140749 | Tar:7    | Escaped the Abyss
140756 | Tar:7    | Killed an ancient lich
140758 | Tar:7    | Identified the Incunabulum of the Glacier and Clay
140805 | Tar:7    | Your ally Bogdar died
141229 | Tar:7    | Gained mutation: You are weak. (Str -2) [mutagenic glow]
141231 | Tar:7    | Lost mutation: You are dopey. (Int -2) [potion of mutation]
141231 | Tar:7    | Lost mutation: You expend magic power (3 MP) to strengthen your wands. [potion of mutation]
141231 | Tar:7    | Gained mutation: Your spells are a little harder to cast, but a little more powerful. [potion of mutation]
141231 | Tar:7    | Gained mutation: You are covered in fur. (AC +1) [potion of mutation]
141362 | Tar:7    | Noticed Ereshkigal
141380 | Tar:7    | Killed Ereshkigal
141398 | Tar:7    | Your ally Worak died
141399 | Tar:7    | Your ally Hawl died
141633 | Tar:7    | Identified the +8 fire dragon scales of Hide-and-Seek {rF++ rC- Str+4 Stlth+} (You found it on level 7 of Tartarus)
141668 | Tar:7    | Got a bone rune of Zot
142248 | Tomb:1   | Entered Level 1 of the Tomb of the Ancients
142409 | Tomb:1   | Noticed a greater mummy
142421 | Tomb:1   | Killed a greater mummy
142527 | Tomb:1   | Gained Jorge as an ally
142556 | Tomb:1   | Gained Bogmar as an ally
142796 | Tomb:1   | Reached skill level 15 in Necromancy
142827 | Tomb:1   | Gained Ugbert as an ally
143354 | Tomb:1   | Noticed a greater mummy
143362 | Tomb:1   | Killed a greater mummy
143556 | Tomb:1   | Noticed a greater mummy
143559 | Tomb:1   | Noticed a greater mummy
143939 | Tomb:1   | Noticed a greater mummy
143940 | Tomb:1   | Noticed a greater mummy
143942 | Tomb:1   | Noticed a greater mummy
143947 | Tomb:1   | Your ally Bogmar died
143950 | Tomb:1   | Killed a greater mummy
143955 | Tomb:1   | Killed a greater mummy
143964 | Tomb:1   | Killed a greater mummy
143964 | Tomb:1   | Reached skill level 5 in Summonings
144108 | Tomb:1   | Killed a greater mummy
144111 | Tomb:1   | Killed a greater mummy
144246 | Tomb:1   | Noticed a greater mummy
144247 | Tomb:1   | Noticed a greater mummy
144252 | Tomb:1   | Noticed a greater mummy
144255 | Tomb:1   | Killed a greater mummy
144256 | Tomb:1   | Noticed a greater mummy
144260 | Tomb:1   | Noticed a greater mummy
144264 | Tomb:1   | Noticed a greater mummy
144265 | Tomb:1   | Killed a greater mummy
144272 | Tomb:1   | Killed a greater mummy
144275 | Tomb:1   | Noticed a greater mummy
144276 | Tomb:1   | Your ally Jorge died
144279 | Tomb:1   | Killed a greater mummy
144280 | Tomb:1   | Your ally Ugbert died
144478 | Tomb:1   | Killed a greater mummy
144651 | Tomb:1   | Killed a greater mummy
144654 | Tomb:1   | Killed a greater mummy
144780 | Tomb:1   | Noticed a greater mummy
144802 | Tomb:1   | Killed a greater mummy
144865 | Tomb:1   | Noticed a greater mummy
144883 | Tomb:1   | Killed a greater mummy
144886 | Tomb:1   | Noticed a greater mummy
144893 | Tomb:1   | Noticed a greater mummy
144897 | Tomb:1   | Killed a greater mummy
145083 | Tomb:1   | Killed a greater mummy
145129 | Tomb:1   | Noticed a greater mummy
145132 | Tomb:1   | Noticed a greater mummy
145132 | Tomb:1   | Noticed a greater mummy
145139 | Tomb:1   | Killed a greater mummy
145175 | Tomb:1   | Killed a greater mummy
145190 | Crypt:3  | Killed a greater mummy
145406 | Tomb:1   | Noticed a greater mummy
145421 | Tomb:1   | Killed a greater mummy
145726 | Tomb:2   | Noticed a greater mummy
145730 | Tomb:2   | Noticed a greater mummy
145969 | Crypt:3  | Learned a level 5 spell: Silence
146289 | Depths:3 | Voluntarily entered the Abyss.
146304 | Abyss:1  | Found a corrupted altar of Lugonu.
146314 | Abyss:1  | Reached skill level 1 in Air Magic
146319 | Abyss:1  | Gained Bogric as an ally
146319 | Abyss:1  | Gained Wargrak as an ally
146324 | Abyss:1  | Your ally Bogric died
146338 | Abyss:1  | Your ally Wargrak died
146388 | Abyss:1  | Found a corrupted altar of Lugonu.
146568 | Abyss:1  | Gained Nordag as an ally
146612 | Abyss:1  | Found a roughly hewn altar of Beogh.
146625 | Abyss:1  | Gained mutation: You are frail. (-10% HP) [a cacodemon]
147232 | Abyss:1  | Reached skill level 5 in Air Magic
147427 | Depths:3 | Escaped the Abyss
147641 | Temple   | Entered the Ecumenical Temple
148157 | Tomb:2   | Killed a greater mummy
148159 | Tomb:2   | Noticed a greater mummy
148167 | Tomb:2   | Killed a greater mummy
148169 | Tomb:2   | Noticed a greater mummy
148174 | Tomb:2   | Killed a greater mummy
148174 | Tomb:2   | Reached skill level 10 in Hexes
148177 | Tomb:2   | Killed a greater mummy
148177 | Tomb:2   | Gained Beowulf as an ally
148688 | Tomb:3   | Entered Level 3 of the Tomb of the Ancients
149054 | Tomb:3   | Noticed an ancient lich
149055 | Tomb:3   | Noticed a greater mummy
149055 | Tomb:3   | Noticed a greater mummy
149073 | Tomb:3   | Noticed a greater mummy
149076 | Tomb:3   | Killed an ancient lich
149084 | Tomb:2   | Was placed under penance by Beogh
149090 | Tomb:2   | Your ally Morbeogh died
149725 | Depths:3 | Voluntarily entered the Abyss.
150601 | Abyss:1  | Noticed an ancient lich
150615 | Abyss:1  | Killed an ancient lich
150833 | Abyss:1  | Gained mutation: You are very clumsy. (Dex -4) [a neqoxec]
151219 | Abyss:1  | Found an ornate altar of the Wu Jian Council.
151529 | Abyss:1  | Was forgiven by Beogh
151804 | Depths:3 | Escaped the Abyss
152698 | Tomb:3   | Noticed Khufu
152698 | Tomb:3   | Noticed a greater mummy
152704 | Tomb:3   | Killed Khufu
152706 | Tomb:3   | Killed a greater mummy
152712 | Tomb:3   | Noticed a greater mummy
152723 | Tomb:3   | Killed a greater mummy
152726 | Tomb:3   | Killed a greater mummy
152800 | Tomb:3   | Identified the Compendium of Supportive Ice
152877 | Tomb:3   | Noticed a greater mummy
152895 | Tomb:3   | Noticed a greater mummy
152901 | Tomb:3   | Noticed a greater mummy
152903 | Tomb:3   | Noticed a greater mummy
152907 | Tomb:3   | Killed a greater mummy
152910 | Tomb:3   | Killed a greater mummy
153146 | Tomb:3   | Killed a greater mummy
153480 | Tomb:3   | Killed a greater mummy
153482 | Tomb:3   | Killed a greater mummy
153494 | Tomb:3   | Killed a greater mummy
153574 | Tomb:3   | Identified the +7 war axe of Yredelemnul's Whim {venom, rF+} (You found it on level 3 of the Tomb of the Ancients)
153600 | Tomb:3   | Identified the quicksilver dragon scales of the Ladybird {-Cast rC+++ MR+ Dex-2 SInv} (You took it off a mummy priest on level 3 of the Tomb of the Ancients)
153618 | Tomb:3   | Found the ring of Phasing {EV+8}
153651 | Tomb:3   | Identified the Almanac of Clay
153655 | Tomb:3   | Got an ancient brass ring
153657 | Tomb:3   | Got a bloodstained arbalest
153665 | Tomb:3   | Got a steaming zirconium amulet
153667 | Tomb:3   | Identified the Collected Works on Boosting Curses
153697 | Tomb:3   | Identified the +9 arbalest of the Coward {venom, +Inv rPois} (You found it on level 3 of the Tomb of the Ancients)
153700 | Tomb:3   | Identified the ring "Nuimizoss" {rPois MR+ Str+6} (You found it on level 3 of the Tomb of the Ancients)
153706 | Tomb:3   | Identified the amulet "Puecsac" {Reflect rElec SH+4 SInv} (You found it on level 3 of the Tomb of the Ancients)
153830 | Tomb:3   | Got a golden rune of Zot
153856 | Tomb:3   | Noticed a greater mummy
153865 | Tomb:3   | Killed a greater mummy
154347 | Pan      | Entered Pandemonium
154370 | Pan      | Noticed Oxyse the pandemonium lord
154389 | Pan      | Killed Oxyse the pandemonium lord
154875 | Pan      | Gained mutation: Your body sometimes deteriorates upon taking damage. [a neqoxec]
154940 | Pan      | Gained mutation: You are dopey. (Int -2) [a neqoxec]
154984 | Pan      | Found a transporter.
155025 | Pan      | Found a transporter.
155589 | Pan      | Got a shimmering lapis lazuli ring
155591 | Pan      | Identified the ring "Jeixkel" {rC+ MR+ Dex-5 SInv} (You found it in Pandemonium)
155634 | Pan      | Got a heavily runed jade ring
155635 | Pan      | Identified the ring of Ephemeral Luck {Ice MR+ Dex+4} (You found it in Pandemonium)
155657 | Pan      | Gained Garbold as an ally
155797 | Pan      | Identified the cursed +1 chain mail of Fedhas's Indignation {rC+} (You found it in Pandemonium)
155813 | Pan      | Noticed Toppa the pandemonium lord
155830 | Pan      | Killed Toppa the pandemonium lord
155929 | Pan      | Lost mutation: Your body sometimes deteriorates upon taking damage. [potion of mutation]
155929 | Pan      | Lost mutation: You are frail. (-10% HP) [potion of mutation]
155929 | Pan      | Lost mutation: Your flesh is heat resistant. (rF+) [potion of mutation]
155929 | Pan      | Lost mutation: Scrolls take you longer to read. [potion of mutation]
155929 | Pan      | Gained mutation: Your flesh is cold resistant. (rC+) [potion of mutation]
155929 | Pan      | Lost mutation: You are dopey. (Int -2) [potion of mutation]
156474 | Pan      | Your ally Garbold died
156996 | Pan      | Gained Bogric as an ally
157457 | Pan      | Entered the realm of Gloorx Vloq.
157491 | Pan      | Found an exit through the horrors of the Abyss.
157750 | Pan      | Gained Orgrim as an ally
158082 | Pan      | Noticed Gloorx Vloq
158112 | Pan      | Killed Gloorx Vloq
158122 | Pan      | Got a dark rune of Zot
158378 | Pan      | Reached skill level 27 in Fighting
158439 | Pan      | Gained Olfik as an ally
158556 | Pan      | Lost mutation: You are weak. (Str -2) [a cacodemon]
158561 | Pan      | Gained mutation: You tend to lose your temper in combat. [a cacodemon]
159614 | Pan      | Noticed Mennas
159618 | Pan      | Killed Mennas
159618 | Pan      | Reached skill level 5 in Stealth
159802 | Pan      | Your ally Wargath died
159811 | Pan      | Your ally Orgrim died
159812 | Pan      | Your ally Dorog died
159821 | Pan      | Your ally Arkwar died
159830 | Pan      | Your ally Bogric died
159843 | Pan      | Noticed Urchuaxaod the pandemonium lord
159848 | Pan      | Killed Urchuaxaod the pandemonium lord
159911 | Pan      | Gained Olfik as an ally
160107 | Pan      | Reached skill level 10 in Evocations
160133 | Pan      | Found an exit through the horrors of the Abyss.
160155 | Pan      | Your ally Beowulf died
160391 | Pan      | Your ally Horkud died
160818 | Pan      | Took an exit into the Abyss.
160818 | Abyss:1  | Escaped into the Abyss
160904 | Depths:3 | Escaped the Abyss
161072 | Pan      | Entered Pandemonium
161103 | Pan      | Found an exit through the horrors of the Abyss.
161303 | Pan      | Reached skill level 5 in Polearms
161970 | Pan      | Noticed Ejopteo the pandemonium lord
161989 | Pan      | Killed Ejopteo the pandemonium lord
162017 | Pan      | Reached skill level 10 in Stealth
162617 | Pan      | Got a demonic rune of Zot
162824 | Pan      | Gained Warbeogh as an ally
162829 | Pan      | Found an exit through the horrors of the Abyss.
163087 | Pan      | Noticed Dausuemn the pandemonium lord
163103 | Pan      | Killed Dausuemn the pandemonium lord
163438 | Pan      | Your ally Berold died
164012 | Pan      | Gained mutation: Scrolls take you longer to read. [a neqoxec]
164169 | Pan      | Noticed Galeg the pandemonium lord
164178 | Pan      | Killed Galeg the pandemonium lord
164182 | Pan      | Gained Gorbash as an ally
164182 | Pan      | Gained Morbeogh as an ally
164704 | Pan      | Entered the realm of Lom Lobon.
164760 | Pan      | Lost mutation: Scrolls take you longer to read. [potion of mutation]
164760 | Pan      | Lost mutation: You are very clumsy. (Dex -4) [potion of mutation]
164760 | Pan      | Gained mutation: You are very clumsy. (Dex -4) [potion of mutation]
164760 | Pan      | Gained mutation: You have a pair of small horns on your head. [potion of mutation]
164827 | Pan      | Found an exit through the horrors of the Abyss.
165295 | Pan      | Noticed Lom Lobon
165307 | Pan      | Your ally Morbeogh died
165309 | Pan      | Your ally Gorbash died
165346 | Pan      | Killed from afar by Lom Lobon

Skill      XL: |  1  2  3  4  5  6  7  8  9 10 11 12 13 14 15 16 17 18 19 20 21 22 23 24 25 26 27 |
---------------+----------------------------------------------------------------------------------+-----
Fighting       | 4 5 7 8 9 10 12 14 15 16 17 19 20 22 23 27 | 27.0
Axes           | 5 6 7 8 10 11 13 16 17 18 19 | 19.9
Dodging        | 3 4 5 6 7 11 14 15 16 17 23 | 23.4
Armour         | 2 4 5 8 9 10 11 12 13 14 15 16 17 18 25 | 25.5
Invocations    | 4 7 9 11 12 14 15 16 17 18 19 20 27 | 27.0
Evocations     | 1 2 3 4 6 14 | 14.2
Shields        | 2 6 7 9 11 12 13 14 15 | 15.9
Spellcasting   | 1 2 3 4 6 7 19 | 19.1
Hexes          | 4 5 6 11 | 11.3
Polearms       | 1 5 |  5.4
Maces & Flails | 1 2 |  2.9
Summonings     | 2 3 4 8 |  8.0
Necromancy     | 2 5 6 7 15 | 15.0
Charms         | 4 5 6 |  6.3
Translocations | 4 6 24 | 24.5
Earth Magic    | 1 4 15 | 15.3
Transmutations | 10 | 10.0
Conjurations   | 10 | 10.0
Air Magic      | 9 |  9.6
Stealth        | 13 | 13.3

Action                   |  1- 3 |  4- 6 |  7- 9 | 10-12 | 13-15 | 16-18 | 19-21 | 22-24 | 25-27 || total
-------------------------+-------+-------+-------+-------+-------+-------+-------+-------+-------++-------
Melee: Hand axe          |   101 |   350 |   498 |       |       |       |       |       |       ||   949
       War axe           |       |       |    54 |   416 |  1001 |   986 |  1037 |    86 |       ||  3580
       Headbutt          |       |       |       |    63 |   281 |   336 |   430 |   393 |   517 ||  2020
       Glaive            |       |       |       |       |    39 |       |       |       |       ||    39
       Whip              |       |       |       |       |    23 |    74 |       |       |       ||    97
       Battleaxe         |       |       |       |       |       |   267 |   178 |       |  2147 ||  2592
       Demon whip        |       |       |       |       |       |       |   130 |       |       ||   130
       Executioner's axe |       |       |       |       |       |       |    24 |    31 |   255 ||   310
       Broad axe         |       |       |       |       |       |       |       |  1258 |  9622 || 10880
       Trishula          |       |       |       |       |       |       |       |       |    55 ||    55
       Staff             |       |       |       |       |       |       |       |       |     4 ||     4
       Great sword       |       |       |       |       |       |       |       |       |     3 ||     3
 Cast: Spectral Weapon   |       |       |       |       |       |       |       |     5 |    44 ||    49
       Summon Guardian G |       |       |       |       |       |       |       |     2 |   247 ||   249
       Tukima's Dance    |       |       |       |       |       |       |       |     1 |    19 ||    20
       Regeneration      |       |       |       |       |       |       |       |    18 |   545 ||   563
       Shroud of Golubri |       |       |       |       |       |       |       |     6 |    47 ||    53
       Vampiric Draining |       |       |       |       |       |       |       |     1 |       ||     1
       Animate Dead      |       |       |       |       |       |       |       |       |    43 ||    43
       Borgnjor's Vile C |       |       |       |       |       |       |       |       |   239 ||   239
       Lee's Rapid Decon |       |       |       |       |       |       |       |       |    77 ||    77
       Statue Form       |       |       |       |       |       |       |       |       |    64 ||    64
       Iron Shot         |       |       |       |       |       |       |       |       |    45 ||    45
       Controlled Blink  |       |       |       |       |       |       |       |       |    36 ||    36
       Aura of Abjuratio |       |       |       |       |       |       |       |       |    23 ||    23
       Silence           |       |       |       |       |       |       |       |       |     6 ||     6
       Confuse           |       |       |       |       |       |       |       |       |     4 ||     4
       Slow              |       |       |       |       |       |       |       |       |     1 ||     1
Invok: Convert to Beogh  |       |       |     1 |       |       |       |       |       |       ||     1
       Recall Orcish Fol |       |       |       |     9 |    25 |    17 |    24 |    18 |    87 ||   180
       Smiting           |       |       |       |       |     4 |       |    14 |    26 |   173 ||   217
       Resurrection      |       |       |       |       |     2 |     1 |     1 |     3 |    14 ||    21
       Stop Recall       |       |       |       |       |     1 |     6 |     1 |     2 |    17 ||    27
       Give Item to Name |       |       |       |       |       |       |     2 |       |    24 ||    26
 Abil: Evoke Flight      |       |       |       |       |     2 |       |       |     1 |     3 ||     6
       Evoke Blink       |       |       |       |       |     1 |       |       |       |       ||     1
       Evoke Invisibilit |       |       |       |       |       |       |       |     2 |     2 ||     4
       Stop Flying       |       |       |       |       |       |       |       |     1 |       ||     1
Evoke: Wand              |       |       |       |     5 |    37 |       |       |     3 |    14 ||    59
       Box of beasts     |       |       |       |       |       |       |       |       |     1 ||     1
       Lightning rod     |       |       |       |       |       |       |       |       |     2 ||     2
  Use: Scroll            |       |       |     9 |    12 |    20 |     3 |    11 |    23 |    69 ||   147
       Potion            |       |       |     2 |     1 |     2 |       |     7 |     6 |    45 ||    63
 Stab: Sleeping          |     3 |     1 |       |     1 |     2 |       |       |       |    11 ||    18
       Paralysed         |       |       |       |     2 |     8 |       |       |     4 |     6 ||    20
       Distracted        |       |       |       |     1 |    11 |    12 |    17 |     9 |   175 ||   225
       Fleeing           |       |       |       |     1 |       |       |       |       |       ||     1
       Invisible         |       |       |       |       |       |       |       |     4 |     2 ||     6
  Eat: Chunk             |       |     5 |     8 |    14 |    31 |    11 |    19 |    41 |   223 ||   352
       Ration            |       |     1 |     3 |     1 |     8 |    11 |    11 |     5 |    63 ||   103
Armor: Robe              |    12 |    16 |       |       |       |       |       |       |       ||    28
       Scale mail        |       |    94 |   278 |    25 |       |       |       |   169 |   287 ||   853
       Troll leather arm |       |       |       |    37 |    54 |       |       |       |       ||    91
       Chain mail        |       |       |       |       |   135 |       |       |       |       ||   135
       Crystal plate arm |       |       |       |       |   282 |   856 |   147 |       |       ||  1285
       Plate armour      |       |       |       |       |       |       |   447 |   407 |    14 ||   868
       Quicksilver drago |       |       |       |       |       |       |       |       |   712 ||   712
       Ring mail         |       |       |       |       |       |       |       |       |   681 ||   681
       Skin              |       |       |       |       |       |       |       |       |   435 ||   435
       Fire dragon scale |       |       |       |       |       |       |       |       |   384 ||   384
Dodge: Dodged            |    61 |   208 |   308 |   207 |   329 |   271 |   355 |   584 |  8090 || 10413
Block: Shield            |       |       |       |       |   316 |   645 |   714 |   846 |  5454 ||  7975
       Other             |       |       |       |       |     1 |       |    14 |       |       ||    15
       Reflection        |       |       |       |       |       |    79 |    31 |    61 |    69 ||   240
       Rpst.: Broad axe  |       |       |       |       |       |       |       |    43 |   782 ||   825
       Executioner's axe |       |       |       |       |       |       |       |     2 |    59 ||    61
       Battleaxe         |       |       |       |       |       |       |       |       |   346 ||   346
       Great sword       |       |       |       |       |       |       |       |       |     4 ||     4
       Trishula          |       |       |       |       |       |       |       |       |     3 ||     3
       Staff             |       |       |       |       |       |       |       |       |     1 ||     1
